Cogmind - Beta 13 @@@ ROGUE MODE // 2024.03.16 @ 07:35:57 // Winter2019/RPGLIKE Player: H3-RMN Result: Destroyed by B-86 Titan with Railgun Performance ------------- Evolutions (6) 3000 Regions Visited (28) 5600 Robots Destroyed (595) 2975 Value Destroyed (24836) 24836 Prototype IDs (114) 2280 Alien Tech Used (0) 0 Bonus (14646) 14646 TOTAL SCORE: 53337 Bonus ------- High Alert Combat Kills 5748 Follower Combat Kills 2637 Entered Garrisons 1200 Used RIF Installer 3000 Entered DSFs 500 Aligned with FarCom 300 Destroyed Z-Imprinter 1000 Triggered Deep Caves Wall 500 Exposed GOLEM Chamber 500 Friendly Fire -739 Cogmind --------- Core Integrity 0/1250 Matter 42/300 Energy 117/590 System Corruption 0% Temperature Warning (373) Movement Hovering (28) Location -4/Garrison Parts ------- > --- POWER (2) -------- F-cell Engine Light Quantum Reactor > --- PROPULSION (4) --- Cooled Linear Gravjet Cooled Linear Gravjet Cooled Linear Gravjet Cooled Linear Gravjet > --- UTILITY (12) ----- Experimental Signal Interpreter Advanced Terrain Scanner Transport Network Coupler Experimental Targeting Computer Experimental Core Analyzer Experimental Core Analyzer Improved Weapon Cycler Experimental Transmission Jammer Experimental Reaction Control System Improved Powered Armor Advanced Hacking Suite Relay Coupler [NC] (70) > --- WEAPON (3) ------- 8R-AWN's Boregun Mini Smartbomb Launcher Improved Datajack > --- INVENTORY (6) ---- Makeshift Trap Scanner Energy Mantle Authchip [Processor] Improved Trap Extractor (1/6 EM Surge) Cooled Phase Cannon Peak State ------------ > --- POWER ------------ F-cell Engine Enhanced Fission Core > --- PROPULSION ------- Cooled Linear Gravjet Cooled Linear Gravjet Cooled Linear Gravjet Cooled Linear Gravjet > --- UTILITY ---------- Experimental Energy Well Experimental Signal Interpreter Transport Network Coupler Experimental Targeting Computer Experimental Core Analyzer Experimental Core Analyzer Experimental Armor Integrity Analyzer Improved Weapon Cycler Experimental Transmission Jammer Experimental Reaction Control System Advanced Hacking Suite > --- WEAPON ----------- Cooled Phase Cannon 8R-AWN's Boregun Mini Smartbomb Launcher > --- INVENTORY -------- Zionite Glidesys II Makeshift Trap Scanner Advanced Terrain Scanner Improved Powered Armor Improved Trap Extractor Improved Remote Datajack [Rating: 167] Favorites ----------- Power F-cell Engine Engine F-cell Engine Power Core Neutrino Core Reactor Antimatter Reactor Propulsion Combat Antigrav System Treads Light Treads Leg Enhanced Armored Leg Hover Unit Combat Antigrav System Flight Unit Diametric Drive Utility Experimental Core Analyzer Device Advanced Shield Generator Storage Advanced Matter Compressor Processor Experimental Core Analyzer Hackware Advanced Hacking Suite Protection Improved Powered Armor Weapon 8R-AWN's Boregun Energy Gun Cooled Plasma Rifle Energy Cannon Cooled Phase Cannon Ballistic Gun 8R-AWN's Boregun Ballistic Cannon Improved Light Cannon Launcher Mini Smartbomb Launcher Special Weapon Remote Datajack Impact Weapon Impact Mace Piercing Weapon Kinetic Spear Special Melee Weapon Improved Datajack Build | -11 -10 -10 -9 -9 -9 -8 -8 -8 -8 -8 -7 -7 -7 -7 -7 -7 -6 -6 -6 -6 -6 -5 -5 -5 -5 -5 -4 -4 ------- Run | Yrd Mat Min Mat Min Exi Min Mat Gar Mat Gar Fac Was Fac Gar Fac Gar Fac Low Low Zio Dee Pro Fac Gar Fac DSF Fac Gar Slots Evolved 17 | 3 2 . 4 1 . . 2 . . . 1 . 1 . . . 1 . . . 1 . . . . . . 1 Power 1 | . . . . . . . 1 . . . . . . . . . . . . . . . . . . . . . Propulsion 3 | 1 . . 1 . . . . . . . . . . . . . . . . . 1 . . . . . . . Utility 11 | 1 2 . 2 1 . . 1 . . . 1 . 1 . . . 1 . . . . . . . . . . 1 Weapon 2 | 1 . . 1 . . . . . . . . . . . . . . . . . . . . . . . . . Parts Attached 319 | 6 11 8 16 4 16 1 25 18 6 2 21 9 30 6 14 13 17 8 3 14 21 5 31 1 2 6 . 5 Power 21 | 1 . . 1 . 2 . 2 . 1 . 1 2 5 1 2 . . 1 . . . . 1 1 . . . . Engine 9 | 1 . . 1 . . . 1 . 1 . 1 . 2 . 2 . . . . . . . . . . . . . Core 5 | . . . . . 2 . 1 . . . . . . . . . . 1 . . . . 1 . . . . . Reactor 7 | . . . . . . . . . . . . 2 3 1 . . . . . . . . . 1 . . . . Propulsion 50 | 2 . . 1 1 1 . 5 5 2 . 3 2 12 . 2 1 . . . . 6 1 6 . . . . . Treads 5 | 2 . . 1 1 . . 1 . . . . . . . . . . . . . . . . . . . . . Leg 2 | . . . . . . . . . . . . . 1 . . . . . . . 1 . . . . . . . Wheel . | . . . . . . . . . . . . . . . . . . . . . . . . . . . . . Hover 41 | . . . . . 1 . 4 5 2 . 1 2 11 . 2 1 . . . . 5 1 6 . . . . . Flight 2 | . . . . . . . . . . . 2 . . . . . . . . . . . . . . . . . Utility 151 | 1 4 5 5 1 7 . 10 9 3 2 12 3 9 4 7 8 7 3 . 10 8 2 19 . 2 6 . 4 Device 97 | 1 2 4 2 1 3 . 5 6 3 . 7 2 7 2 5 6 5 1 . 5 4 1 15 . 2 6 . 2 Storage 3 | . . 1 . . . . . . . . . . . . . . 1 . . . . . 1 . . . . . Processor 13 | . . . 1 . 3 . . . . . 1 1 . . 1 . . . . 5 . . 1 . . . . . Hackware 12 | . . . . . . . . 2 . 2 . . 2 2 1 2 . . . . . . . . . . . 1 Protection 26 | . 2 . 2 . 1 . 5 1 . . 4 . . . . . 1 2 . . 4 1 2 . . . . 1 Artifact . | . . . . . . . . . . . . . . . . . . . . . . . . . . . . . Weapon 97 | 2 7 3 9 2 6 1 8 4 . . 5 2 4 1 3 4 10 4 3 4 7 2 5 . . . . 1 Energy Gun 12 | 2 1 . . . . 1 . . . . 1 . 2 . . . 2 . . . 2 . 1 . . . . . Energy Cannon 9 | . . . . . . . . . . . . . . . . . 4 2 1 1 . . 1 . . . . . Ballistic Gun 30 | . 2 . 7 1 3 . 7 . . . 1 . . . 2 1 . 2 2 . 1 . 1 . . . . . Ballistic Cannon 6 | . 3 . . . . . 1 1 . . 1 . . . . . . . . . . . . . . . . . Launcher 18 | . 1 3 2 1 2 . . . . . . . . . . 1 2 . . 2 1 1 2 . . . . . Special Weapon 16 | . . . . . . . . 3 . . 1 1 1 1 1 2 1 . . 1 3 1 . . . . . . Impact Weapon 2 | . . . . . . . . . . . . 1 . . . . 1 . . . . . . . . . . . Slashing Weapon . | . . . . . . . . . . . . . . . . . . . . . . . . . . . . . Piercing Weapon 1 | . . . . . . . . . . . 1 . . . . . . . . . . . . . . . . . Special Melee Weapon 3 | . . . . . 1 . . . . . . . 1 . . . . . . . . . . . . . . 1 Unidentified Prototypes 46 | . . 2 . . . . 1 . 1 . 7 1 9 . 1 . 6 . . 6 5 . 7 . . . . . Parts Lost 5 | . . . . . . . 2 . . . . 1 . . . 1 . 1 . . . . . . . . . . Power 2 | . . . . . . . . . . . . 1 . . . . . 1 . . . . . . . . . . Propulsion . | . . . . . . . . . . . . . . . . . . . . . . . . . . . . . Utility 3 | . . . . . . . 2 . . . . . . . . 1 . . . . . . . . . . . . Weapon . | . . . . . . . . . . . . . . . . . . . . . . . . . . . . . Highest Loss Streak 1 | . . . . . . . 1 . . . . 1 . . . 1 . 1 . . . . . . . . . . To Critical Strikes . | . . . . . . . . . . . . . . . . . . . . . . . . . . . . . Average Slot Usage (%) 97 | . 97 88 90 92 89 84 97 99 99 99 99 97 99 100 99 99 99 100 100 99 96 99 99 100 100 99 100 98 Engine 6 | . 12 11 8 7 4 . 5 6 6 6 8 5 5 5 6 11 10 6 5 5 5 5 5 5 5 5 5 4 Core 2 | . . . . . 2 7 6 6 6 6 2 . . . . . . 3 5 5 5 5 5 3 . . . . Treads 4 | . 26 22 20 21 16 . 4 . . . . . . . . . . . . . . . . . . . . . Hover 13 | . . . . . 1 7 11 18 18 18 17 17 16 16 15 16 15 15 15 15 19 19 19 20 20 20 20 19 Device 21 | . 15 32 30 26 26 28 26 19 19 25 20 22 22 22 20 15 15 15 15 18 16 20 21 15 19 20 25 20 Processor 19 | . . . 2 7 10 21 18 18 18 18 20 23 22 22 23 27 26 26 26 25 25 25 27 30 30 29 25 24 Hackware 4 | . . . . . . . . 4 4 . 5 5 6 11 11 10 10 10 10 7 5 5 5 5 5 5 5 4 Protection 3 | . 15 . 7 7 6 . 4 5 6 5 3 . . . . . 3 5 5 5 5 5 . 5 . . . 4 Energy Gun 1 | . 14 . . . . 1 . . . . . . . 5 5 5 2 . . . . . . . . . . . Energy Cannon 1 | . . . . . . . . . . . . . . . . . 2 4 2 3 5 5 4 5 5 5 5 3 Ballistic Gun 6 | . 3 12 20 21 15 11 10 6 6 6 5 5 5 5 4 4 2 . 2 1 4 5 4 5 5 5 5 4 Launcher 2 | . . 9 . . 3 7 6 4 . . . . . . . . . 5 5 5 3 4 4 5 5 5 5 4 Special Weapon 3 | . . . . . . . . 6 12 12 11 5 10 5 5 5 7 5 5 5 1 . . . . . . . Naked Turns . | . . . . . . . . . . . . . . . . . . . . . . . . . . . . . Heaviest Build 78 | 9 21 28 42 42 53 22 35 35 41 41 45 46 48 48 48 45 53 63 63 64 68 68 78 64 64 71 58 65 Greatest Support 69 | 45 45 45 65 68 68 33 48 53 53 52 52 59 69 69 69 53 53 53 53 53 69 69 69 66 66 66 66 66 Greatest Overweight (x) 2 | . . . . . 2 . 1 . . . 1 1 1 . . 1 . 1 1 1 1 1 1 . . 1 . . Average Overweight (x) . | . . . . . . . . . . . . . . . . . . . 1 1 . . . . . . . . Largest Inventory Capacity 6 | 2 2 2 4 4 4 5 6 6 6 6 6 6 6 6 6 6 6 6 6 6 6 6 6 6 6 6 6 6 Average Capacity 5 | 2 2 2 3 4 4 4 5 6 6 6 6 6 6 6 6 6 6 6 6 6 6 6 6 6 6 6 6 6 Most Carried 6 | . 2 2 4 4 4 5 6 6 6 6 6 6 6 6 6 6 6 6 6 6 6 6 6 6 6 6 6 6 Average Carried 5 | . 1 1 3 3 2 4 5 5 5 5 5 5 5 5 5 6 5 6 6 5 5 5 5 6 6 5 5 5 Final Capacity 6 | 2 2 2 4 4 4 5 6 6 6 6 6 6 6 6 6 6 6 6 6 6 6 6 6 6 6 6 6 6 Final Carried 6 | . 2 2 4 3 4 5 6 6 6 6 6 5 6 6 6 6 6 6 6 6 6 6 6 6 6 6 6 5 Class Distribution -------------------- 41% | Scavenger-Gunner 18% | Scavenger-Scout 15% | Hacker-Scout 12% | Mutant 7% | Tank Dominant Class ---------------- Mutant | -10/Materials Mutant | -10/Mines Mutant | -9/Materials Tank | -9/Mines Tank | -9/Exiles Scavenger-Scout | -8/Mines Scavenger-Gunner | -8/Materials Scavenger-Gunner | -8/Garrison Scavenger-Gunner | -8/Materials Scavenger-Gunner | -8/Garrison Scavenger-Gunner | -7/Factory Scavenger-Mutant | -7/Waste Scavenger-Gunner | -7/Factory Scavenger-Gunner | -7/Garrison Scavenger-Gunner | -7/Factory Scavenger-Scout | -7/Garrison Scavenger-Scout | -6/Factory Scavenger-Gunner | -6/Lower Caves Scavenger-Gunner | -6/Lower Caves Scavenger-Gunner | -6/Zion Scavenger-Gunner | -6/Deep Caves Scavenger-Scout | -5/Proximity Caves Hacker-Scout | -5/Factory Hacker-Scout | -5/Garrison Hacker-Scout | -5/Factory Hacker-Scout | -5/DSF Hacker-Scout | -4/Factory Hacker-Scout | -4/Garrison Resources | -11 -10 -10 -9 -9 -9 -8 -8 -8 -8 -8 -7 -7 -7 -7 -7 -7 -6 -6 -6 -6 -6 -5 -5 -5 -5 -5 -4 -4 ----------- Run | Yrd Mat Min Mat Min Exi Min Mat Gar Mat Gar Fac Was Fac Gar Fac Gar Fac Low Low Zio Dee Pro Fac Gar Fac DSF Fac Gar Matter Collected 14644 | 260 338 125 436 114 956 272 1275 672 414 937 563 307 846 678 824 938 488 359 183 277 964 559 1047 609 20 163 . 20 Remotely 2918 | . . . 368 54 741 272 1275 208 . . . . . . . . . . . . . . . . . . . . Salvage Created 30086 | 88 547 54 544 87 550 670 2967 848 819 1224 426 2046 738 1150 1359 2594 1642 776 646 928 1967 1194 4083 1417 224 129 . 369 Parts 1686 | 3 31 7 53 9 71 47 190 48 48 68 33 45 56 76 95 106 90 29 23 70 89 45 210 92 6 17 . 29 Haulers Intercepted 21 | . 2 . 2 . . . 4 . 3 . . . . . . . 1 1 . . . . 8 . . . . . Recyclers Shooed 9 | . . . . . . . 1 . . . . . . . 1 . 3 . . . . . 4 . . . . . Parts Field Recycled . | . . . . . . . . . . . . . . . . . . . . . . . . . . . . . Retrieved Matter . | . . . . . . . . . . . . . . . . . . . . . . . . . . . . . Parts Self-Destructed 89 | . . . . . . . . . . . . . . . . . . 26 21 1 . 41 . . . . . . Prevented . | . . . . . . . . . . . . . . . . . . . . . . . . . . . . . Kills | -11 -10 -10 -9 -9 -9 -8 -8 -8 -8 -8 -7 -7 -7 -7 -7 -7 -6 -6 -6 -6 -6 -5 -5 -5 -5 -5 -4 -4 ------- Run | Yrd Mat Min Mat Min Exi Min Mat Gar Mat Gar Fac Was Fac Gar Fac Gar Fac Low Low Zio Dee Pro Fac Gar Fac DSF Fac Gar Combat Hostiles Destroyed 503 | . 15 2 18 6 4 20 52 14 11 24 12 6 18 24 22 26 20 22 10 2 41 24 56 33 2 7 . 12 Guns 313 | . 8 . 10 3 2 10 44 12 11 24 12 6 18 24 22 22 5 2 1 . 20 13 26 16 . 1 . 1 Cannons 81 | . 4 . . . . . 1 . . . . . . . . . 13 11 6 2 10 4 21 5 2 1 . 1 AOE 105 | . 3 2 8 3 2 10 7 2 . . . . . . . 4 . 9 3 . 11 7 9 11 . 5 . 9 Classes Destroyed 33 | 2 7 2 1 . 2 2 2 1 . . . 1 . . 2 1 . . 1 2 3 2 1 1 . . . . Worker 21 | . . 2 1 . . 1 1 . 1 . 1 . 1 . 1 . 2 . . . . . 10 . . . . . Builder 15 | . 1 . . . . . 8 . . . . . 1 . 1 . 1 . . . . . 3 . . . . . Tunneler 7 | 2 . 1 . . . 1 1 . . . . . . . . . 1 . . . . . 1 . . . . . Hauler 21 | . 2 . 2 . . . 4 . 3 . . . . . . . 1 1 . . . . 8 . . . . . Recycler 13 | 1 1 . . . . . 1 . . . 2 . . . . . 3 . . . . . 5 . . . . . Minesweeper 1 | . . . . . . . . . . . . . . . . . . . . . . 1 . . . . . . Mechanic 2 | . 1 . . . . . . . . . . . . . 1 . . . . . . . . . . . . . Operator 8 | . 2 . 1 . . . 2 . . . . . 1 . . . 1 . . . . . 1 . . . . . Drone 2 | . . . . . . . . . . . . . . . . . . . . . . 2 . . . . . . Turret 1 | . . . . . 1 . . . . . . . . . . . . . . . . . . . . . . . Watcher 18 | . 2 . 1 . . . 3 . 1 . . . 1 . 2 . 1 . . . . . 7 . . . . . Swarmer 86 | . 3 . 9 4 . 4 7 4 . 4 4 . . 5 . 8 3 3 2 . . 1 8 4 . 5 . 8 Cutter 3 | . . . . . . . . . . . . . . . . . . . . . . . 3 . . . . . Saboteur 3 | . . . . . . . . . . . . . . . . . . . . . . . . 3 . . . . Grunt 219 | . 12 . 4 2 1 14 34 3 6 9 5 . 15 10 9 9 8 12 2 . . 15 29 18 . . . 2 Brawler 17 | . . . . . . 1 1 1 . 2 . . . 2 . 1 . 4 2 . . 2 . 1 . . . . Duelist 11 | . . . . . . . 2 . . . . . 1 2 . . . 1 . . . 3 2 . . . . . Protector 3 | . . . . . . . . . . . . . . . 1 . . . . . . . 2 . . . . . Sentry 46 | . . . 5 . . . 7 2 5 . 1 . 1 2 2 5 3 1 2 . . 1 4 3 2 . . . Specialist 9 | . . . . . . . . . . . . . . . 4 . . . . . . . . 2 . 1 . 2 Hunter 11 | . . . . . . 1 . . . 2 1 . . . 1 1 1 1 1 . . . 1 1 . . . . Programmer 30 | . . . . . . . . 4 . 7 1 . 1 3 4 . 3 . . . . . 7 . . . . . Heavy 4 | . . . . . . . 1 . . . . . . . 1 . 1 . . . . . . . . 1 . . Behemoth 4 | . . . . . . . . . . . . . . . . 2 1 . . . . . . 1 . . . . Compactor 6 | . . . . . . . . . . . . 6 . . . . . . . . . . . . . . . . Zionite 43 | . . . . . 8 . . . . . . . . . . . . . . 35 . . . . . . . . Z-Technician 5 | . . . . . . . . . . . . . . . . . . . . . 5 . . . . . . . Z-Light 10 | . . . . . . . . . . . . . . . . . . . . . 10 . . . . . . . Tinkerer 1 | . . . . . . . . . . . . . . . . . . . . 1 . . . . . . . . Assembler 2 | . . . . . . . . . . . . . . . . . . . . . 2 . . . . . . . Assembled 30 | . . 2 . . 6 . . . . . . . . . . . . . . . 22 . . . . . . . Golem 8 | . . . . . . . . . . . . . . . . . . . . . 8 . . . . . . . Martyr 1 | . . . . . . . . . . . . . . . . . . . . 1 . . . . . . . . Mutant 2 | . . . . . . . . . . . . . . . . . . . 1 1 . . . . . . . . Best Kill Streak 14 | 2 5 3 7 4 4 5 13 3 7 7 7 4 5 5 7 9 5 6 3 12 14 10 14 12 1 6 . 10 Combat Bots Only 12 | . 3 1 6 4 3 4 7 3 3 7 6 4 5 5 7 9 5 6 3 1 9 10 12 12 1 6 . 10 Max Kills in Single Turn 14 | 1 4 3 4 3 3 3 2 2 2 1 2 1 2 2 2 4 2 2 2 2 14 2 4 3 1 5 . 3 Gunslinging . | . . . . . . . . . . . . . . . . . . . . . . . . . . . . . Exploded 9 | . 3 1 3 3 1 3 2 2 . . . . . . . 4 . 2 2 . 9 2 4 3 . 5 . 3 Melee . | . . . . . . . . . . . . . . . . . . . . . . . . . . . . . Uniques/NPCs Destroyed 5 | . . . . . 4 . . . . . . . . . . . . . . . 1 . . . . . . . 8R-AWN (-9/Exiles) EX-DEC (-9/Exiles) EX-HEX (-9/Exiles) EX-BIN (-9/Exiles) Z-Imprinter (-6/Deep Caves) Combat | -11 -10 -10 -9 -9 -9 -8 -8 -8 -8 -8 -7 -7 -7 -7 -7 -7 -6 -6 -6 -6 -6 -5 -5 -5 -5 -5 -4 -4 -------- Run | Yrd Mat Min Mat Min Exi Min Mat Gar Mat Gar Fac Was Fac Gar Fac Gar Fac Low Low Zio Dee Pro Fac Gar Fac DSF Fac Gar Hostile Shots Fired 2263 | . 67 1 49 8 53 33 190 38 33 91 64 1 73 119 223 184 193 24 37 67 103 37 215 143 8 17 26 166 Missed 835 | . 19 . 14 4 7 9 58 9 15 33 23 . 34 39 82 63 76 2 9 27 38 12 78 76 4 9 18 77 Damage Taken 19868 | . 568 26 319 76 709 308 1998 271 211 575 437 36 697 776 1494 1199 1134 346 322 611 1876 502 2205 938 120 465 159 1490 Core 14284 | . 411 20 209 58 518 262 1433 191 140 373 320 28 573 613 1195 937 815 251 204 396 1161 336 1696 613 100 370 143 918 Absorbed by Shields 5923 | . . 9 123 27 257 116 447 107 78 215 168 13 255 384 539 583 437 126 122 227 500 177 789 66 . 75 . 83 Redirected to Core 11905 | . 308 20 192 58 463 157 1149 136 114 337 278 28 439 502 960 834 728 204 169 334 997 226 1460 512 72 370 55 803 Redirected to Shielding 118 | . . . . . . . 118 . . . . . . . . . . . . . . . . . . . . . Regen/Repaired (Parts) 119 | . . . . . . . 12 . . . . 107 . . . . . . . . . . . . . . . . Core Remaining (%) 85 | 100 . 76 . . . 89 . . . 96 . . . . . 56 . . . . . 100 . . . 80 . . Volleys Fired 2259 | 12 83 5 40 8 101 40 175 82 62 152 58 37 97 107 115 134 131 44 36 99 177 66 240 100 6 15 6 31 Largest 3 | 2 2 1 3 3 3 1 2 1 1 1 1 1 1 2 1 1 2 1 1 1 2 1 1 2 1 2 1 2 Hottest 120 | 90 104 33 69 69 69 65 90 48 30 30 30 30 30 50 30 80 72 80 80 80 120 80 80 80 40 80 40 80 Shots Fired 2564 | 24 153 5 83 21 195 40 205 82 62 151 58 37 97 111 116 134 135 44 36 99 202 66 240 106 6 18 6 32 Gun 1819 | 24 101 1 80 20 192 33 199 65 49 144 48 32 73 107 94 129 59 9 8 12 114 29 92 79 . 13 . 13 Cannon 559 | . 51 . . . . . 1 7 . . . . . . . . 67 26 23 84 84 24 141 22 6 4 6 13 Launcher 70 | . 1 4 3 1 3 7 5 2 . . . . . . . 1 . 9 4 3 2 6 7 5 . 1 . 6 Special 116 | . . . . . . . . 8 13 7 10 5 24 4 22 4 9 . 1 . 2 7 . . . . . . Kinetic 1690 | . 51 1 80 20 192 32 170 72 49 144 48 32 71 103 94 128 34 9 8 12 114 29 92 79 . 13 . 13 Thermal 693 | 24 101 . . . . 1 30 . 1 . . . 2 8 . 1 92 26 23 84 84 24 141 22 6 4 6 13 Explosive 69 | . . 4 3 1 3 7 5 2 . . . . . . . 1 . 9 4 3 2 6 7 5 . 1 . 6 Electromagnetic 1 | . 1 . . . . . . . . . . . . . . . . . . . . . . . . . . . Robot Hit Streak 42 | 11 15 1 12 6 11 6 22 11 17 15 20 29 24 29 30 34 24 34 32 13 42 22 41 31 13 27 2 17 Robot Miss Streak 7 | 2 7 3 3 2 3 2 5 2 2 5 2 2 2 3 1 1 2 1 1 2 2 2 3 2 . . 3 3 Penetration Max 2 | . . . . . 1 2 2 2 2 2 1 1 1 2 2 1 1 1 . . 2 2 2 1 . . . 1 Secondary Targets 3 | . 1 . 1 . 1 . . . . . . . . . . . . . . . . . . . . . . . Max Gunslinging Chain 1 | . 1 . 1 . 1 . . . . . . . . . . . . . . . . . . . . . . . Shots Hit Robots 1965 | 17 109 1 52 13 150 26 157 42 52 88 49 33 81 88 103 116 114 35 30 86 151 40 201 87 6 14 2 22 Core Hits 1216 | 4 63 5 34 8 55 33 115 18 25 41 21 15 35 44 43 63 50 39 20 42 141 44 155 66 4 10 2 21 Critical Kills 279 | . . . . . 6 7 30 11 11 15 11 5 14 16 20 25 8 1 3 1 32 11 32 18 . . . 2 Critical Parts Destroyed 302 | . . . . . 12 6 25 11 11 27 13 2 21 23 19 26 7 3 3 5 32 2 33 15 . 1 . 5 Critical Strikes 602 | 3 3 . . . 18 13 58 24 22 42 24 10 35 40 39 52 17 4 6 6 64 13 65 36 . 1 . 7 Burn 9 | 3 2 . . . . . 1 . . . . . . 1 . . 2 . . . . . . . . . . . Meltdown 5 | . . . . . . . . . . . . . . . . . 1 . . 1 . . 1 1 . . . 1 Destroy 586 | . . . . . 18 13 56 24 22 42 24 10 35 39 39 52 14 4 6 5 64 13 64 35 . 1 . 6 Blast 2 | . 1 . . . . . 1 . . . . . . . . . . . . . . . . . . . . . Melee Attacks 4 | . . . . . 4 . . . . . . . . . . . . . . . . . . . . . . . Impact . | . . . . . . . . . . . . . . . . . . . . . . . . . . . . . Slashing . | . . . . . . . . . . . . . . . . . . . . . . . . . . . . . Piercing . | . . . . . . . . . . . . . . . . . . . . . . . . . . . . . Sneak Attacks 4 | . . . . . 4 . . . . . . . . . . . . . . . . . . . . . . . Combat Hostiles . | . . . . . . . . . . . . . . . . . . . . . . . . . . . . . Follow-up Attacks . | . . . . . . . . . . . . . . . . . . . . . . . . . . . . . Damage Inflicted 61684 | 202 2011 173 1217 357 2635 1329 3961 805 868 1843 728 606 1334 1951 1756 2590 3291 2563 1503 3026 10922 2181 7818 3143 217 688 74 1892 Guns 28254 | 202 1070 12 735 208 2268 518 3188 647 868 1843 728 606 1334 1918 1746 2285 1003 167 106 220 2268 491 2225 1274 . 165 . 159 Cannons 15553 | . 503 . . . . . 30 . . . . . . . . . 2288 850 726 2480 2596 332 4260 625 217 106 74 466 Explosions 17834 | . 438 161 482 149 367 811 743 158 . . . . . . . 305 . 1546 671 326 6058 1358 1333 1244 . 417 . 1267 Melee . | . . . . . . . . . . . . . . . . . . . . . . . . . . . . . Ramming 10 | . . . . . . . . . . . . . . . 10 . . . . . . . . . . . . . Kinetic 26581 | . 503 12 735 208 2268 518 2906 647 868 1843 728 606 1287 1828 1746 2285 518 167 106 220 2268 491 2225 1274 . 165 . 159 Thermal 23537 | 202 1448 . . . . . 312 . . . . . 47 123 . . 2773 850 726 2480 8496 332 4260 625 217 106 74 466 Explosive 11455 | . . 161 482 149 367 811 702 158 . . . . . . . 305 . 1546 671 326 158 1358 1333 1244 . 417 . 1267 Electromagnetic 101 | . 60 . . . . . 41 . . . . . . . . . . . . . . . . . . . . . Impact . | . . . . . . . . . . . . . . . . . . . . . . . . . . . . . Slashing . | . . . . . . . . . . . . . . . . . . . . . . . . . . . . . Piercing . | . . . . . . . . . . . . . . . . . . . . . . . . . . . . . Highest Corruption 6 | . 1 1 . . . . 2 1 . 6 1 . . 2 5 . 1 . . . . . 3 . . . . . Average Corruption 1 | . 1 1 . . . . 1 1 . 4 1 . . 1 2 . 1 . . . . . 1 . . . . . Corruption Purged 19 | . . . . . . . 2 2 . . 1 . . 2 7 . 2 . . . . . 3 . . . . . Corruption Blocked . | . . . . . . . . . . . . . . . . . . . . . . . . . . . . . Effects 55 | . 9 8 . . . . 16 . . 12 1 . . . 7 . . . . . . . 2 . . . . . Message Errors 11 | . 1 3 . . . . 3 . . 1 . . . . 2 . . . . . . . 1 . . . . . Matter Fused 14 | . 3 . . . . . 6 . . 2 1 . . . 2 . . . . . . . . . . . . . Heat Flow Errors 9 | . 1 2 . . . . 1 . . 4 . . . . 1 . . . . . . . . . . . . . Energy Discharges 6 | . 1 1 . . . . 3 . . 1 . . . . . . . . . . . . . . . . . . Parts Fused 1 | . 1 . . . . . . . . . . . . . . . . . . . . . . . . . . . Data Loss (minor) 4 | . . 1 . . . . 1 . . 2 . . . . . . . . . . . . . . . . . . Data Loss (major) 5 | . . 1 . . . . 1 . . 1 . . . . 1 . . . . . . . 1 . . . . . Misfires 1 | . . . . . . . . . . . . . . . 1 . . . . . . . . . . . . . Alerts 2 | . 1 . . . . . 1 . . . . . . . . . . . . . . . . . . . . . Weapon Failures 2 | . 1 . . . . . . . . 1 . . . . . . . . . . . . . . . . . . Overload Shots 3 | . . . . . . . . . . . . . . . . . 2 . . . 1 . . . . . . . Overflow Damage 1362 | . 142 . . . 16 8 . 18 . . . . . . . 2 5 86 38 102 711 . 192 40 . 2 . . Projectiles 413 | . 15 . . . . . . . . . . . . . . . 5 2 23 60 116 . 192 . . . . . Explosions 949 | . 127 . . . 16 8 . 18 . . . . . . . 2 . 84 15 42 595 . . 40 . 2 . . Melee . | . . . . . . . . . . . . . . . . . . . . . . . . . . . . . Knockbacks 10 | . 9 . . . . . . . . . . . . . 1 . . . . . . . . . . . . . Impact 1 | . . . . . . . . . . . . . . . 1 . . . . . . . . . . . . . Kinetic 9 | . 9 . . . . . . . . . . . . . . . . . . . . . . . . . . . Secondary . | . . . . . . . . . . . . . . . . . . . . . . . . . . . . . Self-Inflicted Damage 783 | . . 23 . 49 33 20 64 52 . . . . . . 5 41 . . . 79 350 . . 67 . . . . Shots 13 | . . 1 . 1 1 1 3 2 . . . . . . . 1 . . . 1 1 . . 1 . . . . Rammed 1 | . . . . . . . . . . . . . . . 1 . . . . . . . . . . . . . Targets Rammed 2 | . . . 1 . . . . . . . . . . . 1 . . . . . . . . . . . . . Kicked . | . . . . . . . . . . . . . . . . . . . . . . . . . . . . . Crushed 1 | . . . 1 . . . . . . . . . . . . . . . . . . . . . . . . . Highest Temperature 432 | 180 363 146 30 85 231 24 330 124 221 281 26 45 17 16 432 255 102 259 100 140 310 96 72 84 . 21 2 358 Average Temperature 51 | 64 86 73 11 41 95 9 65 34 55 48 11 14 7 7 63 35 24 77 43 38 89 23 12 13 . 21 1 58 Received Heat Transfer 5245 | . 333 15 107 31 . 157 765 54 60 90 96 . 176 167 211 517 195 147 103 68 374 104 507 307 18 . 39 604 Effects 9 | . 1 . . . . . 1 . 4 1 . . . . 1 . . . . . 1 . . . . . . . Shutdowns 1 | . . . . . . . 1 . . . . . . . . . . . . . . . . . . . . . Energy Bleed 3 | . . . . . . . . . 1 1 . . . . . . . . . . 1 . . . . . . . Interference 3 | . . . . . . . . . 3 . . . . . . . . . . . . . . . . . . . Damage (minor) 1 | . 1 . . . . . . . . . . . . . . . . . . . . . . . . . . . Damage (major) 1 | . . . . . . . . . . . . . . . 1 . . . . . . . . . . . . . Siege Activations . | . . . . . . . . . . . . . . . . . . . . . . . . . . . . . Robots Corrupted . | . . . . . . . . . . . . . . . . . . . . . . . . . . . . . Combat Hostiles . | . . . . . . . . . . . . . . . . . . . . . . . . . . . . . Parts Fried . | . . . . . . . . . . . . . . . . . . . . . . . . . . . . . Impact Corruptions . | . . . . . . . . . . . . . . . . . . . . . . . . . . . . . Robots Melted 7 | . 1 . . . . . . . . . . . . . . . 2 . . 1 . . 1 1 . . . 1 Combat Hostiles 5 | . . . . . . . . . . . . . . . . . 2 . . 1 . . . 1 . . . 1 Parts Melted 45 | . 3 . . . . . 2 . . . . . . 3 . 1 15 1 1 3 3 . 9 2 . . . 2 Heat Transferred 20793 | 779 2505 . . . . . 851 . . . . . 100 324 . . 3494 888 740 2533 2477 333 4329 552 222 111 74 481 Parts Sabotaged . | . . . . . . . . . . . . . . . . . . . . . . . . . . . . . Parts Stolen . | . . . . . . . . . . . . . . . . . . . . . . . . . . . . . Parts Stripped . | . . . . . . . . . . . . . . . . . . . . . . . . . . . . . Power Chain Reactions 1 | . . . . . . . 1 . . . . . . . . . . . . . . . . . . . . . Alert | -11 -10 -10 -9 -9 -9 -8 -8 -8 -8 -8 -7 -7 -7 -7 -7 -7 -6 -6 -6 -6 -6 -5 -5 -5 -5 -5 -4 -4 ------- Run | Yrd Mat Min Mat Min Exi Min Mat Gar Mat Gar Fac Was Fac Gar Fac Gar Fac Low Low Zio Dee Pro Fac Gar Fac DSF Fac Gar Peak Influence 2026 | 15 431 157 472 202 . 481 975 1120 735 822 785 79 1066 1770 1035 1489 822 . . . . . 1261 2026 1153 794 624 833 Initial 1063 | . 9 135 9 149 . . 152 443 542 61 431 79 . 611 928 564 781 . . . . . 91 882 1063 609 416 436 Average 534 | 7 199 58 236 137 . 307 697 887 531 407 390 57 659 1148 526 1114 268 . . . . . 585 1447 1039 611 456 569 Maximum Alert Level 5 | . 2 . 2 1 . 2 3 4 3 3 3 . 3 5 3 4 3 . . . . . 4 5 4 3 2 3 Low Security (%) 24 | 100 54 100 34 77 . 15 10 . 6 28 14 100 12 . 4 . 61 . . . . . 2 . . . . . Level 1 18 | . 38 . 58 22 . 58 8 . 22 21 34 . 6 . 22 . 15 . . . . . 29 . . . . . Level 2 25 | . 6 . 7 . . 26 15 20 59 30 45 . 32 3 46 14 8 . . . . . 33 . . 99 100 76 Level 3 22 | . . . . . . . 66 40 12 19 5 . 48 47 27 23 13 . . . . . 24 17 61 . . 23 Level 4 7 | . . . . . . . . 38 . . . . . 26 . 61 . . . . . . 9 50 39 . . . Level 5 1 | . . . . . . . . . . . . . . 22 . . . . . . . . . 32 . . . . High Security . | . . . . . . . . . . . . . . . . . . . . . . . . . . . . . Max Security . | . . . . . . . . . . . . . . . . . . . . . . . . . . . . . Sterilizations 1 | . . . . . . . 1 . . . . . . . . . . . . . . . . . . . . . Squads Dispatched 86 | . 3 . 5 . . 2 14 . 4 . 4 . 16 . 12 . 7 . . . . . 17 . 1 . 1 . Investigation 45 | . 2 . 5 . . 1 6 . 4 . 4 . 10 . 4 . 4 . . . . . 4 . 1 . . . Extermination 9 | . . . . . . . . . . . . . 2 . 2 . 3 . . . . . 2 . . . . . Reinforcement 21 | . 1 . . . . 1 3 . . . . . 4 . 2 . . . . . . . 9 . . . 1 . Assault 3 | . . . . . . . 1 . . . . . . . . . . . . . . . 2 . . . . . Garrison 8 | . . . . . . . 4 . . . . . . . 4 . . . . . . . . . . . . . Intercept . | . . . . . . . . . . . . . . . . . . . . . . . . . . . . . Searches Triggered . | . . . . . . . . . . . . . . . . . . . . . . . . . . . . . Construction Impeded 2 | . . . . . . 1 . . . . . . 1 . . . . . . . . . . . . . . . Haulers Reinforced 4 | . . . . . . . . . . . . . 1 . . . . . . . . . 3 . . . . . Active Scanning Responses . | . . . . . . . . . . . . . . . . . . . . . . . . . . . . . Cargo Convoy Interrupts 5 | . . . . . . . . . . . 1 . 1 . 1 . 1 . . . . . 1 . . . . . Stealth | -11 -10 -10 -9 -9 -9 -8 -8 -8 -8 -8 -7 -7 -7 -7 -7 -7 -6 -6 -6 -6 -6 -5 -5 -5 -5 -5 -4 -4 --------- Run | Yrd Mat Min Mat Min Exi Min Mat Gar Mat Gar Fac Was Fac Gar Fac Gar Fac Low Low Zio Dee Pro Fac Gar Fac DSF Fac Gar Distress Signals 17 | . 4 . 1 . . . 2 . 3 . . . 4 . 2 . . . . . . . . . 1 . . . Communications Jammed 181 | . . . . . . . . . 1 . . . 12 . 94 . 12 . . . . 1 52 . . 7 1 1 Distress Signals 149 | . . . . . . . . . 1 . . . 12 . 89 . 1 . . . . . 44 . . . 1 1 Times Spotted 799 | . 33 2 32 6 18 17 71 31 25 28 30 5 56 36 50 35 34 15 14 46 47 22 80 26 2 7 12 19 Peak Tracking Total 16 | . 5 1 6 4 7 3 10 7 4 4 4 2 7 8 12 5 4 5 3 4 16 6 9 5 2 6 10 8 Tactical Retreats 48 | . 1 . . . 4 . 2 . 4 5 3 . 5 5 2 5 2 . . 3 1 1 3 . . . 2 . Traps | -11 -10 -10 -9 -9 -9 -8 -8 -8 -8 -8 -7 -7 -7 -7 -7 -7 -6 -6 -6 -6 -6 -5 -5 -5 -5 -5 -4 -4 ------- Run | Yrd Mat Min Mat Min Exi Min Mat Gar Mat Gar Fac Was Fac Gar Fac Gar Fac Low Low Zio Dee Pro Fac Gar Fac DSF Fac Gar Traps Triggered 41 | . . . 1 . . . . 4 . 6 2 . 5 6 6 2 2 . . . . . . 5 2 . . . Indirectly . | . . . . . . . . . . . . . . . . . . . . . . . . . . . . . Trap Hack Attempts . | . . . . . . . . . . . . . . . . . . . . . . . . . . . . . Triggered . | . . . . . . . . . . . . . . . . . . . . . . . . . . . . . Disarmed . | . . . . . . . . . . . . . . . . . . . . . . . . . . . . . Reprogrammed 15 | . 4 . 6 . . . . . . . . . 5 . . . . . . . . . . . . . . . Reused 6 | . . . . . . . . . . . 1 . 2 . . . 2 . . . . . 1 . . . . . Traps Extracted 3 | . . . . . . . . . . . 1 . . . . . . . . . . . 2 . . . . . Installed 8 | . . . . . . . . . . . 2 . 1 . . . 2 . . . . . 3 . . . . . Triggered 7 | . . . . . . . . . . . 1 . 3 . . . 2 . . . . . 1 . . . . . Most Traps Carried 4 | . . . . . . . . . . 2 2 1 1 . . 4 4 2 2 2 2 2 2 1 1 1 1 1 Objects Rigged 1 | . . . . . 1 . . . . . . . . . . . . . . . . . . . . . . . Machines | -11 -10 -10 -9 -9 -9 -8 -8 -8 -8 -8 -7 -7 -7 -7 -7 -7 -6 -6 -6 -6 -6 -5 -5 -5 -5 -5 -4 -4 ---------- Run | Yrd Mat Min Mat Min Exi Min Mat Gar Mat Gar Fac Was Fac Gar Fac Gar Fac Low Low Zio Dee Pro Fac Gar Fac DSF Fac Gar Machines Disabled 99 | . 14 5 2 4 12 3 7 5 3 1 1 . 8 . 4 3 4 . 1 2 4 . 7 8 . 1 . . Max in Single Turn 4 | . 1 4 1 4 2 1 2 1 1 1 1 . 1 . 1 1 1 . 1 2 2 . 1 2 . 1 . . Garrison Access 10 | . . . . . . . . . . . 1 . 3 . 2 . 1 . . . . . 3 . . . . . Garrison Relay 27 | . . . . . . . . 5 . 8 . . . 5 . 4 . . . . . . . 5 . . . . Phase Generator 2 | . . . . . . . . 1 . . . . . 1 . . . . . . . . . . . . . . Machines Repaired . | . . . . . . . . . . . . . . . . . . . . . . . . . . . . . Machines Dismantled 31 | . . . . . . . . 4 . 12 . . . 8 . 4 . . . 3 . . . . . . . . Machines Sabotaged . | . . . . . . . . . . . . . . . . . . . . . . . . . . . . . Overloaded Fab Kills . | . . . . . . . . . . . . . . . . . . . . . . . . . . . . . Hacking | -11 -10 -10 -9 -9 -9 -8 -8 -8 -8 -8 -7 -7 -7 -7 -7 -7 -6 -6 -6 -6 -6 -5 -5 -5 -5 -5 -4 -4 --------- Run | Yrd Mat Min Mat Min Exi Min Mat Gar Mat Gar Fac Was Fac Gar Fac Gar Fac Low Low Zio Dee Pro Fac Gar Fac DSF Fac Gar Machines Accessed 163 | . 9 1 12 . 2 1 17 4 13 3 16 . 22 3 15 2 14 1 . . . . 17 3 5 . 3 . Terminals 103 | . 7 . 8 . . 1 11 4 10 3 12 . 11 3 7 2 7 . . . . . 10 3 3 . 1 . Fabricators 10 | . . . . . . . . . . . 1 . 3 . 2 . 3 . . . . . 1 . . . . . Repair Stations 2 | . . . . . . . 1 . . . . . . . . . 1 . . . . . . . . . . . Recycling Units 14 | . 2 . 2 . . . 2 . . . 1 . 1 . 2 . . . . . . . 2 . 2 . . . Scanalyzers 14 | . . . 2 . . . 2 . 2 . 1 . 3 . 1 . 2 . . . . . . . . . 1 . Garrison Access 16 | . . . . . . . 1 . 1 . 1 . 4 . 3 . 1 . . . . . 4 . . . 1 . Total Hacks 542 | . 37 1 48 . 5 3 59 11 59 10 54 . 66 10 40 7 46 1 . . . . 54 7 12 . 12 . Successful 294 | . 20 1 30 . 5 1 29 4 33 5 26 . 32 6 23 3 27 1 . . . . 27 3 9 . 9 . Failed 246 | . 16 . 18 . . 2 30 7 25 5 28 . 34 4 17 4 19 . . . . . 27 4 3 . 3 . Catastrophic 53 | . 5 . 4 . . 1 8 3 3 . 6 . 6 . 4 . 4 . . . . . 5 2 1 . 1 . Database Lockouts 2 | . 1 . . . . . . . 1 . . . . . . . . . . . . . . . . . . . Manual 211 | . 20 . 26 . 1 3 14 1 28 5 25 . 11 5 19 3 14 . . . . . 26 2 4 . 4 . Terminals 359 | . 31 . 35 . . 3 35 11 46 10 41 . 35 10 19 7 23 . . . . . 32 7 9 . 5 . Fabricators 28 | . . . . . . . . . . . 2 . 10 . 5 . 7 . . . . . 4 . . . . . Repair Stations 7 | . . . . . . . 4 . . . . . . . . . 3 . . . . . . . . . . . Recycling Units 43 | . 6 . 5 . . . 5 . . . 6 . 3 . 6 . . . . . . . 9 . 3 . . . Scanalyzers 62 | . . . 8 . . . 11 . 7 . 4 . 12 . 2 . 12 . . . . . . . . . 6 . Garrison Access 36 | . . . . . . . 4 . 6 . 1 . 6 . 8 . 1 . . . . . 9 . . . 1 . Terminal Hacks 131 | . 10 1 14 . 5 1 10 4 18 3 13 . 10 3 6 2 10 1 . . . . 11 3 4 . 2 . Record 4 | . . . . . 4 . . . . . . . . . . . . . . . . . . . . . . . Part Schematic 8 | . . . 2 . . 1 . . 1 . . . . . 1 . . . . . . . 2 . 1 . . . Robot Schematic 1 | . . . . . . . . . . . . . . 1 . . . . . . . . . . . . . . Robot Analysis 10 | . 1 . 1 . . . 1 . 3 . 1 . 1 . . . 1 . . . . . 1 . . . . . Prototype ID Bank 9 | . 3 . . . . . 1 . 1 . 2 . . . 1 . . . . . . . 1 . . . . . Open Door 5 | . . 1 . . . . . 1 . 1 . . . . . . . 1 . . . . . 1 . . . . Open DSF 1 | . . . . . . . . . . . . . . . . . . . . . . . . . 1 . . . Level Access Points 2 | . . . . . . . . . 1 . . . . . . . . . . . . . 1 . . . . . Branch Access Points 4 | . 1 . 1 . . . . . . . . . 1 . . . 1 . . . . . . . . . . . Emergency Access Points 6 | . . . 1 . . . . 1 . 1 . . . 1 . 1 . . . . . . . 1 . . . . Terminal Index 6 | . 1 . . . . . 1 . . . 1 . 1 . 1 . 1 . . . . . . . . . . . Fabricator Index 3 | . . . . . . . . . . . 1 . . . . . 1 . . . . . 1 . . . . . Repair Station Index 2 | . . . . . . . . . . . . . . . . . 2 . . . . . . . . . . . Scanalyzer Index 1 | . . . . . . . . . . . 1 . . . . . . . . . . . . . . . . . Garrison Index 3 | . . . . . . . . . . . 1 . . . . . . . . . . . 1 . . . 1 . Unreport Threat 23 | . . . 2 . . . 4 . 5 . 3 . 1 . 1 . 2 . . . . . 3 . 2 . . . Locate Traps 16 | . 1 . 2 . . . 2 . 3 . 3 . 2 . 1 . 1 . . . . . . . . . 1 . Reprogram Traps 3 | . 1 . 1 . . . . . . . . . 1 . . . . . . . . . . . . . . . Dispatch Records 1 | . . . . . . . . . 1 . . . . . . . . . . . . . . . . . . . Recall Investigation 2 | . . . . . . . . . 2 . . . . . . . . . . . . . . . . . . . Recall Reinforcements 1 | . . . . . . . . . . . . . 1 . . . . . . . . . . . . . . . Hauler Manifests 6 | . . . 1 . . . 1 . 1 . . . 1 . 1 . . . . . . . 1 . . . . . Registered Components 1 | . . . 1 . . . . . . . . . . . . . . . . . . . . . . . . . Zone Layout 6 | . 2 . 2 . . . . . . . . . 1 . . . 1 . . . . . . . . . . . Garrison Registry 3 | . . . . . . . . 1 . 1 . . . . . 1 . . . . . . . . . . . . Patrol Navigation 3 | . . . . . . . . 1 . . . . . 1 . . . . . . . . . 1 . . . . Derelict Proto ID Bank 1 | . . . . . 1 . . . . . . . . . . . . . . . . . . . . . . . Fabricator Hacks 7 | . . . . . . . . . . . . . 4 . 2 . 1 . . . . . . . . . . . Load Schematic 5 | . . . . . . . . . . . . . 3 . 1 . 1 . . . . . . . . . . . Build 2 | . . . . . . . . . . . . . 1 . 1 . . . . . . . . . . . . . Repair Station Hacks 4 | . . . . . . . 3 . . . . . . . . . 1 . . . . . . . . . . . Scan Component 3 | . . . . . . . 2 . . . . . . . . . 1 . . . . . . . . . . . Repair 1 | . . . . . . . 1 . . . . . . . . . . . . . . . . . . . . . Recycling Unit Hacks 15 | . 3 . 2 . . . 3 . . . 2 . . . 2 . . . . . . . 2 . 1 . . . Report Inventory 10 | . 2 . 2 . . . 2 . . . 1 . . . 1 . . . . . . . 1 . 1 . . . Retrieve Components 5 | . 1 . . . . . 1 . . . 1 . . . 1 . . . . . . . 1 . . . . . Scanalyzer 49 | . . . 5 . . . 10 . 6 . 3 . 8 . 2 . 9 . . . . . . . . . 6 . Insert Component 23 | . . . 3 . . . 5 . 2 . 1 . 4 . 1 . 4 . . . . . . . . . 3 . Analyze 26 | . . . 2 . . . 5 . 4 . 2 . 4 . 1 . 5 . . . . . . . . . 3 . Garrison Access Hacks 17 | . . . . . . . 1 . 1 . 1 . 4 . 3 . 1 . . . . . 5 . . . 1 . Unlock Access 6 | . . . . . . . 1 . 1 . . . 1 . 1 . . . . . . . 1 . . . 1 . Seal Access 10 | . . . . . . . . . . . 1 . 3 . 2 . 1 . . . . . 3 . . . . . Coupler Status 1 | . . . . . . . . . . . . . . . . . . . . . . . 1 . . . . . Unauthorized Hacks 71 | . 7 . 9 . . . 2 . 8 2 7 . 6 3 8 1 5 . . . . . 9 . 4 . . . Terminals 40 | . 5 . 7 . . . . . 6 2 4 . 4 3 1 1 4 . . . . . 1 . 2 . . . Track 25 | . 3 . 3 . . . . . 4 1 2 . 3 2 1 1 3 . . . . . 1 . 1 . . . Botnet 10 | . 1 . 3 . . . . . 1 1 1 . 1 1 . . . . . . . . . . 1 . . . Operators 5 | . 1 . 1 . . . . . 1 . 1 . . . . . 1 . . . . . . . . . . . Fabricators 4 | . . . . . . . . . . . . . . . 1 . 1 . . . . . 2 . . . . . Fabnet 1 | . . . . . . . . . . . . . . . . . . . . . . . 1 . . . . . Haulers 3 | . . . . . . . . . . . . . . . 1 . 1 . . . . . 1 . . . . . Repair Stations . | . . . . . . . . . . . . . . . . . . . . . . . . . . . . . Recycling Units 15 | . 2 . 2 . . . 1 . . . 3 . . . 3 . . . . . . . 2 . 2 . . . Reject 6 | . . . . . . . . . . . 1 . . . 2 . . . . . . . 1 . 2 . . . Recyclers 3 | . . . . . . . . . . . 1 . . . 1 . . . . . . . 1 . . . . . Mask 3 | . 1 . . . . . 1 . . . 1 . . . . . . . . . . . . . . . . . Tunnel 3 | . 1 . 2 . . . . . . . . . . . . . . . . . . . . . . . . . Scanalyzers . | . . . . . . . . . . . . . . . . . . . . . . . . . . . . . Garrison Access 12 | . . . . . . . 1 . 2 . . . 2 . 3 . . . . . . . 4 . . . . . Broadcast 1 | . . . . . . . . . . . . . . . . . . . . . . . 1 . . . . . Restock 1 | . . . . . . . . . . . . . . . . . . . . . . . 1 . . . . . Reprogram 5 | . . . . . . . 1 . 1 . . . 1 . 1 . . . . . . . 1 . . . . . Intercept 3 | . . . . . . . . . 1 . . . 1 . 1 . . . . . . . . . . . . . Watchers 2 | . . . . . . . . . . . . . . . 1 . . . . . . . 1 . . . . . Data Cores Recovered 9 | . 1 . 1 . . . . . . . 1 . 3 . 1 . 1 . . . . . 1 . . . . . Used 5 | . . . . . . . . . . . 1 . 1 . 1 . 1 . . . . . 1 . . . . . Hacking Detections 137 | . 8 . 11 . . 1 17 3 11 2 15 . 19 3 13 2 10 . . . . . 15 2 4 . 1 . Full Trace Events 45 | . 5 . 4 . . 1 6 1 3 . 4 . 9 1 3 . 4 . . . . . 3 . 1 . . . Feedback Events 4 | . 1 . . . . . 2 . . . . . . . . . 1 . . . . . . . . . . . Corruption 4 | . 1 . . . . . 2 . . . . . . . . . 1 . . . . . . . . . . . Feedback Blocked . | . . . . . . . . . . . . . . . . . . . . . . . . . . . . . Robot Schematics Acquired 1 | . . . . . . . . . . . . . . 1 . . . . . . . . . . . . . . Robots Built . | . . . . . . . . . . . . . . . . . . . . . . . . . . . . . Authchips . | . . . . . . . . . . . . . . . . . . . . . . . . . . . . . Time . | . . . . . . . . . . . . . . . . . . . . . . . . . . . . . Total Robot Build Rating . | . . . . . . . . . . . . . . . . . . . . . . . . . . . . . Part Schematics Acquired 26 | . . . 4 . . 1 4 . 3 . . . 4 . 2 . 2 . . . . . 2 . 1 . 3 . Parts Built 4 | . . . . . . . . . . . . . 2 . 2 . . . . . . . . . . . . . Authchips . | . . . . . . . . . . . . . . . . . . . . . . . . . . . . . Time 170 | . . . . . . . . . . . . . 128 . 42 . . . . . . . . . . . . . Total Part Build Rating 24 | . . . . . . . . . . . . . 16 . 8 . . . . . . . . . . . . . Parts Repaired 1 | . . . . . . . 1 . . . . . . . . . . . . . . . . . . . . . Time 95 | . . . . . . . 95 . . . . . . . . . . . . . . . . . . . . . Parts Recycled . | . . . . . . . . . . . . . . . . . . . . . . . . . . . . . Recycled Matter . | . . . . . . . . . . . . . . . . . . . . . . . . . . . . . Retrieved Matter . | . . . . . . . . . . . . . . . . . . . . . . . . . . . . . Retrieved Components 27 | . 3 . . . . . 4 . . . 7 . . . 3 . . . . . . . 10 . . . . . Parts Scanalyzed 20 | . . . 3 . . . 4 . 2 . 1 . 4 . 1 . 2 . . . . . . . . . 3 . Part Schematics Acquired 18 | . . . 2 . . . 4 . 2 . . . 4 . 1 . 2 . . . . . . . . . 3 . Parts Damaged 4 | . . . . . . . 2 . . . . . . . . . 1 . . . . . . . . . 1 . Bothacking | -11 -10 -10 -9 -9 -9 -8 -8 -8 -8 -8 -7 -7 -7 -7 -7 -7 -6 -6 -6 -6 -6 -5 -5 -5 -5 -5 -4 -4 ------------ Run | Yrd Mat Min Mat Min Exi Min Mat Gar Mat Gar Fac Was Fac Gar Fac Gar Fac Low Low Zio Dee Pro Fac Gar Fac DSF Fac Gar Used RIF Installer 6 | . . . . . . . . 1 . 1 . . . 1 . 1 . . . . . . . 1 . . . 1 Coupler Efficiency 1 | . . . . . . . . . . . . . . . . . . . . . . . . . . . . 1 Zone Cloak 1 | . . . . . . . . . . . . . . . . 1 . . . . . . . . . . . . Robot Detection 1 | . . . . . . . . . . . . . . . . . . . . . . . . 1 . . . . Patrol Navigation 1 | . . . . . . . . . . 1 . . . . . . . . . . . . . . . . . . Structural Interface 1 | . . . . . . . . . . . . . . 1 . . . . . . . . . . . . . . Robots Hacked 50 | . . . . . 4 . . 4 5 3 6 4 7 . 8 2 4 . . . 2 1 . . . . . . Non-combat 33 | . . . . . 3 . . . 4 . 6 . 7 . 8 . 4 . . . 1 . . . . . . . Combat 16 | . . . . . 1 . . 4 1 3 . 4 . . . 2 . . . . 1 . . . . . . . Robot Hacks Applied 87 | . . . . . 4 . . 4 10 3 10 5 18 . 21 2 8 . . . 2 . . . . . . . parse_system 8 | . . . . . 4 . . . 1 . . . . . 1 . . . . . 2 . . . . . . . no_distress 3 | . . . . . . . . . 2 . . . . . . . 1 . . . . . . . . . . . find_chute 1 | . . . . . . . . . . . 1 . . . . . . . . . . . . . . . . . deconstruct_machine 1 | . . . . . . . . . . . 1 . . . . . . . . . . . . . . . . . map_walls 5 | . . . . . . . . . 1 . 1 . 1 . 2 . . . . . . . . . . . . . find_fabricator 1 | . . . . . . . . . . . . . 1 . . . . . . . . . . . . . . . drop_inventory 8 | . . . . . . . . . . . . . 4 . 3 . 1 . . . . . . . . . . . find_recycling 2 | . . . . . . . . . . . 1 . . . . . 1 . . . . . . . . . . . ignore_parts 2 | . . . . . . . . . . . 2 . . . . . . . . . . . . . . . . . find_station 1 | . . . . . . . . . . . . . . . 1 . . . . . . . . . . . . . purge_threat 27 | . . . . . . . . . 4 . 2 . 7 . 11 . 3 . . . . . . . . . . . locate_traps 3 | . . . . . . . . . . . . . 2 . 1 . . . . . . . . . . . . . reprogram_traps 1 | . . . . . . . . . . . . . 1 . . . . . . . . . . . . . . . block_reporting 3 | . . . . . . . . . 1 . . . . . 1 . 1 . . . . . . . . . . . summon_haulers 2 | . . . . . . . . . . . 1 . 1 . . . . . . . . . . . . . . . map_route 1 | . . . . . . . . . . . . . . . . . 1 . . . . . . . . . . . relay_feed 1 | . . . . . . . . . . . 1 . . . . . . . . . . . . . . . . . ignore_targets 5 | . . . . . . . . . . . . 5 . . . . . . . . . . . . . . . . amplify_resonance 1 | . . . . . . . . . . . . . . . 1 . . . . . . . . . . . . . formatsys_low 2 | . . . . . . . . . 1 . . . 1 . . . . . . . . . . . . . . . formatsys_high 9 | . . . . . . . . 4 . 3 . . . . . 2 . . . . . . . . . . . . Manual 1 | . . . . . . . . . . . . . . . . . . . . . . 1 . . . . . . Relay Couplers Released 44 | . . . . . . . . 9 . 13 . . . 8 . 6 . . . . . . . 8 . . . . Machine Destruction 43 | . . . . . . . . 8 . 13 . . . 8 . 6 . . . . . . . 8 . . . . Programmers 1 | . . . . . . . . 1 . . . . . . . . . . . . . . . . . . . . Attached 11 | . . . . . . . . 2 . 2 . . 1 2 1 2 . . . . . . . . . . . 1 Fabnet Peak Effective % 3 | . . . . . . . . . . . . . . . . . . . . . . . . . . . 3 3 Robots Rewired 19 | . . . . . . . . 3 . 2 . . . 3 . . . 2 5 . . 2 . 2 . . . . Allies Hacked 2 | . . . . . . . . . . . . . . 1 . . . . . . . . 1 . . . . . Hacks Repelled . | . . . . . . . . . . . . . . . . . . . . . . . . . . . . . Allies | -11 -10 -10 -9 -9 -9 -8 -8 -8 -8 -8 -7 -7 -7 -7 -7 -7 -6 -6 -6 -6 -6 -5 -5 -5 -5 -5 -4 -4 -------- Run | Yrd Mat Min Mat Min Exi Min Mat Gar Mat Gar Fac Was Fac Gar Fac Gar Fac Low Low Zio Dee Pro Fac Gar Fac DSF Fac Gar Total Allies 67 | . . 3 . . . . 3 7 4 5 . 19 3 6 1 2 . 2 5 . . 3 2 2 . . . . Largest Group 19 | . . 3 3 1 1 . 2 6 4 4 4 19 19 6 6 2 1 2 7 6 . 3 3 2 . . . . Highest-Rated Group 465 | . . 40 40 16 16 . 10 137 85 108 108 465 465 233 233 64 29 49 203 183 . 163 163 92 . . . . Highest-Rated Ally 85 | . . 16 16 16 16 . 5 39 39 39 39 35 35 80 80 32 29 29 31 31 . 85 85 46 . . . . Total Orders 6 | . . . . . 5 . . . . . 1 . . . . . . . . . . . . . . . . . STAY 4 | . . . . . 3 . . . . . 1 . . . . . . . . . . . . . . . . . FOLLOW 2 | . . . . . 2 . . . . . . . . . . . . . . . . . . . . . . . Ally Attacks 684 | . . . 62 7 2 . 5 20 74 3 33 . 179 30 99 9 2 12 19 89 . . 32 7 . . . . Total Damage 14691 | . . . 654 81 32 . 33 381 1027 70 494 . 4913 985 2225 375 106 182 342 1413 . . 1224 154 . . . . Kills 141 | . . . 11 . 1 . . 1 18 . 11 . 41 10 21 2 . . 4 13 . . 7 1 . . . . Allies Corrupted 1 | . . . . . . . . . . . . . . . . . . . . . . . 1 . . . . . Allies Melted 3 | . . . . . . . . . 1 . . . 2 . . . . . . . . . . . . . . . Intel | -11 -10 -10 -9 -9 -9 -8 -8 -8 -8 -8 -7 -7 -7 -7 -7 -7 -6 -6 -6 -6 -6 -5 -5 -5 -5 -5 -4 -4 ------- Run | Yrd Mat Min Mat Min Exi Min Mat Gar Mat Gar Fac Was Fac Gar Fac Gar Fac Low Low Zio Dee Pro Fac Gar Fac DSF Fac Gar Robot Analysis Total 10 | . 1 . 1 . . . 1 . 3 . 1 . 1 . . . 1 . . . . . 1 . . . . . Derelict Logs Recovered 8 | . . 1 . 1 . . . . . . . . . . . . . 2 1 1 . 2 . . . . . . Drone Launches 16 | . . . . . 16 . . . . . . . . . . . . . . . . . . . . . . . Drone Recoveries . | . . . . . . . . . . . . . . . . . . . . . . . . . . . . . Exploration | -11 -10 -10 -9 -9 -9 -8 -8 -8 -8 -8 -7 -7 -7 -7 -7 -7 -6 -6 -6 -6 -6 -5 -5 -5 -5 -5 -4 -4 ------------- Run | Yrd Mat Min Mat Min Exi Min Mat Gar Mat Gar Fac Was Fac Gar Fac Gar Fac Low Low Zio Dee Pro Fac Gar Fac DSF Fac Gar Turns Passed 34876 | 139 1820 1143 1501 877 2366 494 2138 1154 757 1091 1062 491 1999 1088 1770 1002 1871 1177 1440 899 2094 913 3148 617 200 1385 151 89 Spaces Moved 26615 | 61 860 686 735 523 1525 448 1236 1248 824 985 1094 514 1810 820 1476 788 1469 930 930 417 1824 874 2715 974 321 154 270 104 Core 11 | 2 . . . . 5 . . . . . 4 . . . . . . . . . . . . . . . . . Treads 3857 | 59 860 686 735 523 992 . 2 . . . . . . . . . . . . . . . . . . . . . Legs . | . . . . . . . . . . . . . . . . . . . . . . . . . . . . . Wheels . | . . . . . . . . . . . . . . . . . . . . . . . . . . . . . Hover 22747 | . . . . . 528 448 1234 1248 824 985 1090 514 1810 820 1476 788 1469 930 930 417 1824 874 2715 974 321 154 270 104 Flight . | . . . . . . . . . . . . . . . . . . . . . . . . . . . . . Fastest Speed 28 | 50 160 160 160 160 80 80 58 58 56 58 58 58 63 74 74 74 74 74 144 144 59 59 28 28 28 28 28 28 Average Speed 83 | 156 160 160 160 160 132 80 80 59 59 58 58 67 71 74 74 74 74 109 144 144 72 59 58 28 28 49 28 28 Slowest Speed 170 | 160 160 160 160 160 160 80 170 62 62 58 110 115 150 74 77 147 74 144 144 144 144 136 119 28 28 98 28 28 Overloaded Moves . | . . . . . . . . . . . . . . . . . . . . . . . . . . . . . Propulsion Burnouts . | . . . . . . . . . . . . . . . . . . . . . . . . . . . . . Robots Hopped . | . . . . . . . . . . . . . . . . . . . . . . . . . . . . . Cave-ins Triggered . | . . . . . . . . . . . . . . . . . . . . . . . . . . . . . Exploration Rate (%) 69 | 4 97 98 77 98 91 93 77 96 73 83 32 89 46 99 37 94 35 97 98 45 92 93 60 97 8 85 10 25 Regions Visited 28 Branch Regions 9 Pre-discovered Areas 5 | . 1 . 2 . 1 . . . . . . . . . . . . . . 1 . . . . . . . . Known Exits Taken 15 | . 1 . 1 . . . 1 . 1 . . . 1 . 1 . 1 1 1 1 1 1 1 . 1 . 1 . Unknown Exits Taken 5 | 1 . 1 . 1 1 1 . . . . . . . . . . . . . . . . . . . . . . Scrap Searched 19 | . . 3 . 1 . 1 . . . . . . . . . . . 5 4 1 . 4 . . . . . . Spaces Dug 39 | . 1 . . . . 13 . . 1 . . . . . . 1 3 . . . . 11 8 . . . 1 . Terrain Destroyed 760 | . 21 33 9 . 21 73 61 28 15 30 8 . 10 21 14 20 9 93 48 7 39 53 72 30 . 10 2 33 Melee . | . . . . . . . . . . . . . . . . . . . . . . . . . . . . . Projectile 249 | . 2 . . . 4 9 22 12 14 25 7 . 7 18 11 15 9 6 3 1 15 18 30 18 . . 2 1 AOE 477 | . 19 33 9 . 16 64 35 14 . . . . . . . . . 86 45 6 22 35 41 10 . 10 . 32 Terrain Rammed . | . . . . . . . . . . . . . . . . . . . . . . . . . . . . . Walls Destroyed . | . . . . . . . . . . . . . . . . . . . . . . . . . . . . . Machines Disabled . | . . . . . . . . . . . . . . . . . . . . . . . . . . . . . Actions | -11 -10 -10 -9 -9 -9 -8 -8 -8 -8 -8 -7 -7 -7 -7 -7 -7 -6 -6 -6 -6 -6 -5 -5 -5 -5 -5 -4 -4 --------- Run | Yrd Mat Min Mat Min Exi Min Mat Gar Mat Gar Fac Was Fac Gar Fac Gar Fac Low Low Zio Dee Pro Fac Gar Fac DSF Fac Gar Total 37058 | 78 1150 728 984 548 1728 543 2207 1571 1054 1357 1481 631 2450 1180 2068 1100 2161 1056 1007 631 2444 1230 4064 1252 423 1448 342 142 Wait 6227 | . 160 18 146 2 25 27 673 116 140 91 251 57 431 120 394 102 461 18 7 13 295 256 976 40 85 1258 64 1 Move 26589 | 60 859 685 734 522 1524 447 1235 1247 823 984 1094 513 1809 819 1475 787 1468 929 929 416 1823 873 2714 973 320 153 270 104 Hop . | . . . . . . . . . . . . . . . . . . . . . . . . . . . . . Pick Up 109 | . 6 2 8 1 21 . 8 3 3 3 6 2 6 3 6 . 2 . . 5 11 4 5 1 . 1 1 1 Fast Attach 173 | 6 7 6 5 1 10 1 13 7 3 2 13 6 22 1 6 6 9 2 . 11 13 2 19 1 . 1 . . Attach 26 | . 1 . 1 1 4 . 5 1 3 . . 1 2 . 1 . 1 . . . 2 . . . . 1 . 2 Detach 10 | . . . 1 . . 1 3 . 2 . . . 2 . . . 1 . . . . . . . . . . . Swap 120 | . 3 2 10 2 2 . 7 10 . . 8 2 6 5 7 7 7 6 3 3 6 3 12 . 2 4 . 3 Drop 248 | . 9 10 11 2 30 . 14 15 6 5 18 7 23 3 9 3 10 3 . 16 24 3 22 2 . 2 1 . Fire 2259 | 12 83 5 40 8 101 40 175 82 62 152 58 37 97 107 115 134 131 44 36 99 177 66 240 100 6 15 6 31 Melee 4 | . . . . . 4 . . . . . . . . . . . . . . . . . . . . . . . Ram 1 | . . . . . . . . . . . . . . . 1 . . . . . . . . . . . . . Kick . | . . . . . . . . . . . . . . . . . . . . . . . . . . . . . Crush 1 | . . . 1 . . . . . . . . . . . . . . . . . . . . . . . . . Escape Stasis 210 | . . . . . . . . 16 . 48 . . 12 18 9 8 26 . . . . . . 63 10 . . . Rewire 64 | . . . . . . . . . . . . . . 21 . 1 . 12 18 . 7 . . 5 . . . . Trap 9 | . . . . . 1 . . . . . 2 . 1 . . . 2 . . . . . 3 . . . . . Miscellaneous 1008 | . 22 . 27 9 6 27 74 74 12 72 31 6 39 83 45 52 43 42 14 68 86 23 73 67 . 13 . . Route ------- -11/Scrapyard -10/Materials (discovered 6 exits: *Mat x3 / *Min x2 / [*Sub]) -10/Mines (discovered 2 exits: *Mat x2) -9/Materials (discovered 2 exits: *Mat / *Min) -9/Mines (discovered 3 exits: *Mat x2 / *Exi) -9/Exiles (discovered 2 exits: *Min x2) -8/Mines (discovered 2 exits: *Mat x2) -8/Materials (discovered 3 exits: *Fac x2 / Gar) -8/Garrison (discovered 3 exits: *Mat x3) -8/Materials (discovered 4 exits: *Fac x3 / Gar) -8/Garrison (discovered 4 exits: *Fac x3 / [*Mat]) -7/Factory -7/Waste -7/Factory (discovered 7 exits: *Fac x2 / Sto x2 / Low x2 / Gar) -7/Garrison (discovered 3 exits: *Fac x3) -7/Factory (discovered 7 exits: *Fac x3 / *Sto / *Low x2 / Gar) -7/Garrison (discovered 3 exits: *Fac x3) -6/Factory (discovered 2 exits: *Low x2) -6/Lower Caves -6/Lower Caves (discovered 2 exits: *Fac / *Zio) -6/Zion (discovered 2 exits: *Dee / *Pro) -6/Deep Caves -5/Proximity Caves -5/Factory (discovered 7 exits: *Fac x4 / *Upp x2 / Gar) -5/Garrison (discovered 3 exits: *Fac x3) -5/Factory -5/DSF -4/Factory (discovered 2 exits: Ext / Gar) -4/Garrison History --------- Turn | Location | Event 1 | -11/Scrapyard | Upgraded with Propulsion slot (x1) 1 | -11/Scrapyard | Upgraded with Utility slot (x1) 1 | -11/Scrapyard | Upgraded with Weapon slot (x1) 15 | -11/Scrapyard | Discovered new exit (range 16) 140 | -11/Scrapyard | Entered Materials 165 | -10/Materials | Central database locked down 250 | -10/Materials | Discovered new exit (range 13) 312 | -10/Materials | Build established: Mutant 344 | -10/Materials | Discovered new exit (range 11) 411 | -10/Materials | Discovered new exit (range 5) 419 | -10/Materials | Identified exit to Mines 792 | -10/Materials | Discovered new exit (range 9) 900 | -10/Materials | Discovered new exit (range 13) 1059 | -10/Materials | Reached level 2 1291 | -10/Materials | Upgraded with Utility slot (x1) 1439 | -10/Materials | Reached level 3 1468 | -10/Materials | Upgraded with Utility slot (x1) 1960 | -10/Materials | Entered Mines 1965 | -10/Mines | Found the Drone Emporium 1974 | -10/Mines | Found Prototype Device 1974 | -10/Mines | Identified Decoy Drone Bay 2069 | -10/Mines | Assembled infested the area 2074 | -10/Mines | Assisted by a Guerilla fighting off Assembled 2092 | -10/Mines | Learned 2 Materials zone layouts 2096 | -10/Mines | Met a Derelict bent on vengeance 2229 | -10/Mines | Received a Rocket Launcher from a helpful Derelict 2322 | -10/Mines | Found a damaged Exp. Sensor Array with a note attached 2326 | -10/Mines | Found Prototype Device 2326 | -10/Mines | Identified Exp. Sensor Array 2407 | -10/Mines | Discovered new exit (range 15) 2540 | -10/Mines | Discovered new exit (range 6) 2923 | -10/Mines | Assisted by bots powering up and referring to "LRC-V3" 3103 | -10/Mines | Entered Materials 3103 | -9/Materials | Accompanied by 3 allies 3105 | -9/Materials | Reached level 4 3200 | -9/Materials | Reached level 5 3258 | -9/Materials | Upgraded with Utility slot (x1) 3353 | -9/Materials | Upgraded with Utility slot (x1) 3491 | -9/Materials | Discovered new exit (range 7) 3549 | -9/Materials | Reached level 6 3801 | -9/Materials | Identified exit to Mines 3888 | -9/Materials | Discovered new exit (range 16) 3905 | -9/Materials | Reached level 7 3940 | -9/Materials | Upgraded with Propulsion slot (x1) 3940 | -9/Materials | Upgraded with Weapon slot (x1) 4225 | -9/Materials | Build established: Tank 4604 | -9/Materials | Entered Mines 4604 | -9/Mines | Accompanied by 1 ally 4606 | -9/Mines | Reached level 8 4619 | -9/Mines | Discovered new exit (range 10) 4767 | -9/Mines | Learned location of 1 exit from Materials 4833 | -9/Mines | Upgraded with Utility slot (x1) 5038 | -9/Mines | Discovered new exit (range 5) 5135 | -9/Mines | Deemed a non-threat by the Exiles lab entrance 5136 | -9/Mines | Discovered new exit (range 5) 5481 | -9/Mines | Entered Exiles 5481 | -9/Exiles | Accompanied by 1 ally 5502 | -9/Exiles | Discovered new exit (range 15) 5523 | -9/Exiles | Met 8R-AWN 5551 | -9/Exiles | Met EX-HEX 5611 | -9/Exiles | Met EX-DEC 5624 | -9/Exiles | Learned location of Zion (-6) 5692 | -9/Exiles | Met EX-BIN 5769 | -9/Exiles | Aligned with FarCom system 5770 | -9/Exiles | Given EX-Vault access code 5813 | -9/Exiles | Opened EX-Vault 5815 | -9/Exiles | Build established: Mutant 5864 | -9/Exiles | Warned to stay clear of 0b10 Research branches 6123 | -9/Exiles | Build established: Tank 6468 | -9/Exiles | Found Longsword +1 6472 | -9/Exiles | Found PSU Rigger 6722 | -9/Exiles | Attacked by the Exiles 6747 | -9/Exiles | Murdered 3 allies 6755 | -9/Exiles | Discovered new exit (range 86) 6851 | -9/Exiles | Core integrity fell below 50% 6870 | -9/Exiles | Destroyed 8R-AWN 6918 | -9/Exiles | Found 8R-AWN's Boregun 6924 | -9/Exiles | Found AS-neutralizer No. 17b 6956 | -9/Exiles | Found Exp. Targeting Computer 7138 | -9/Exiles | Destroyed EX-DEC 7150 | -9/Exiles | Found Exp. Core Analyzer 7258 | -9/Exiles | Destroyed EX-HEX 7285 | -9/Exiles | Destroyed EX-BIN 7847 | -9/Exiles | Entered Mines 7849 | -8/Mines | Reached level 9 7920 | -8/Mines | Build established: Scavenger-Gunner 8028 | -8/Mines | Reached level 10 8221 | -8/Mines | Discovered new exit (range 14) 8275 | -8/Mines | Build established: Scavenger-Scout 8277 | -8/Mines | Discovered new exit (range 3) 8341 | -8/Mines | Entered Materials 8342 | -8/Materials | Identified exit to Factory 8343 | -8/Materials | Reached level 11 8422 | -8/Materials | Reached level 12 8437 | -8/Materials | Upgraded with Utility slot (x1) 8478 | -8/Materials | Garrison activated, responded to threat 8612 | -8/Materials | Identified exit to Garrison 8643 | -8/Materials | Garrison activated, responded to threat 8675 | -8/Materials | Upgraded with Power slot (x1) 8680 | -8/Materials | Lost 3 allies 8776 | -8/Materials | Core integrity fell below 50% 8816 | -8/Materials | Core integrity fell below 20% 8866 | -8/Materials | Destroyed 7 combat bots 8922 | -8/Materials | Reached level 13 8930 | -8/Materials | Discovered exit to Factory (range 17) 9360 | -8/Materials | Repaired Broken Cmb. Antigrav System 9541 | -8/Materials | First assault squad dispatched 9844 | -8/Materials | Build established: Scavenger-Gunner 10444 | -8/Materials | Sterilization system engaged 10444 | -8/Materials | Non-combat units ordered to evacuate 10479 | -8/Materials | Entered Garrison 10479 | -8/Garrison | Warlord forces raided the area 10481 | -8/Garrison | Reached level 14 10504 | -8/Garrison | Triggered checkpoint 10536 | -8/Garrison | Garrison Relay disabled 10552 | -8/Garrison | Installed Relay Interface Framework 10585 | -8/Garrison | Warlord forces retreated 10596 | -8/Garrison | Triggered checkpoint 10598 | -8/Garrison | Triggered checkpoint 10715 | -8/Garrison | Garrison Relay disabled 10788 | -8/Garrison | Triggered checkpoint 10811 | -8/Garrison | Discovered new exit (range 10) 10888 | -8/Garrison | Triggered checkpoint 10903 | -8/Garrison | Garrison Relay disabled 10934 | -8/Garrison | Discovered new exit (range 11) 10939 | -8/Garrison | Discovered new exit (range 7) 10939 | -8/Garrison | Discovered new exit (range 64) 10939 | -8/Garrison | Discovered new exit (range 51) 11170 | -8/Garrison | Triggered checkpoint 11180 | -8/Garrison | Garrison Relay disabled 11202 | -8/Garrison | Spotted B-75 Beast 11230 | -8/Garrison | Allies destroyed B-75 Beast 11394 | -8/Garrison | Phase Generator disabled 11413 | -8/Garrison | Garrison Relay disabled 11633 | -8/Garrison | Entered Materials 11633 | -8/Materials | Accompanied by 4 allies 12031 | -8/Materials | Identified exit to Garrison 12037 | -8/Materials | Discovered exit to Factory (range 17) 12063 | -8/Materials | Reached level 15 12166 | -8/Materials | Discovered exit to Factory (range 11) 12344 | -8/Materials | Central database locked down 12390 | -8/Materials | Entered Garrison 12390 | -8/Garrison | Accompanied by 2 allies 12568 | -8/Garrison | Triggered checkpoint 12575 | -8/Garrison | Garrison Relay disabled 12592 | -8/Garrison | Discovered exit to Factory (range 44) 12592 | -8/Garrison | Discovered exit to Factory (range 69) 12592 | -8/Garrison | Discovered exit to Factory (range 67) 12592 | -8/Garrison | Discovered new exit (range 30) 12684 | -8/Garrison | Triggered checkpoint 12684 | -8/Garrison | Triggered checkpoint 12714 | -8/Garrison | Triggered checkpoint 12717 | -8/Garrison | Triggered checkpoint 12768 | -8/Garrison | Destroyed 7 combat bots 12808 | -8/Garrison | Garrison Relay disabled 12815 | -8/Garrison | Expanded RIF knowledge: Patrol Navigation 12826 | -8/Garrison | Triggered checkpoint 12986 | -8/Garrison | Garrison Relay disabled 13000 | -8/Garrison | Garrison Relay disabled 13010 | -8/Garrison | Garrison Relay disabled 13024 | -8/Garrison | Garrison Relay disabled 13064 | -8/Garrison | Garrison Relay disabled 13072 | -8/Garrison | Triggered checkpoint 13162 | -8/Garrison | Garrison Relay disabled 13168 | -8/Garrison | Triggered checkpoint 13364 | -8/Garrison | Triggered checkpoint 13481 | -8/Garrison | Entered Factory 13481 | -7/Factory | Accompanied by 4 allies 13549 | -7/Factory | Reached level 16 13664 | -7/Factory | Discovered new exit (range 16) 13694 | -7/Factory | Upgraded with Utility slot (x1) 14002 | -7/Factory | Cargo convoy interrupted 14543 | -7/Factory | Sucked down chute 14543 | -7/Factory | Entered Waste 14553 | -7/Waste | Spotted C-40 Crusher 14563 | -7/Waste | Spotted C-40 Crusher 14572 | -7/Waste | Spotted C-40 Crusher 14592 | -7/Waste | Spotted C-40 Crusher 14592 | -7/Waste | Spotted C-40 Crusher 14592 | -7/Waste | Spotted C-40 Crusher 14600 | -7/Waste | Crushed by Compactor (1 part destroyed, 2 dropped) 14611 | -7/Waste | Discovered new exit (range 13) 14651 | -7/Waste | Destroyed C-40 Crusher 14659 | -7/Waste | Destroyed C-40 Crusher 14673 | -7/Waste | Destroyed C-40 Crusher 14692 | -7/Waste | Destroyed C-40 Crusher 14732 | -7/Waste | Destroyed C-40 Crusher 14758 | -7/Waste | Destroyed C-40 Crusher 14812 | -7/Waste | Warlord forces began an assault 14900 | -7/Waste | Build established: Scavenger-Mutant 15034 | -7/Waste | Entered Factory 15034 | -7/Factory | Accompanied by 19 allies 15282 | -7/Factory | Reached level 17 15420 | -7/Factory | Build established: Scavenger-Gunner 15525 | -7/Factory | Lost 4 allies 15662 | -7/Factory | Discovered new exit (range 10) 15834 | -7/Factory | Fabricated Cmb. Antigrav System? 15942 | -7/Factory | Lost 4 allies 16188 | -7/Factory | Identified exit to Garrison 16288 | -7/Factory | Reached level 18 16336 | -7/Factory | Discovered new exit (range 10) 16383 | -7/Factory | Upgraded with Utility slot (x1) 16389 | -7/Factory | Identified exit to Storage 16389 | -7/Factory | Identified exit to Lower Caves 16820 | -7/Factory | Cargo convoy interrupted 17033 | -7/Factory | Entered Garrison 17033 | -7/Garrison | Accompanied by 2 allies 17050 | -7/Garrison | Expanded RIF knowledge: Structural Interface 17060 | -7/Garrison | Triggered checkpoint 17093 | -7/Garrison | Garrison Relay disabled 17348 | -7/Garrison | Triggered checkpoint 17382 | -7/Garrison | Triggered checkpoint 17387 | -7/Garrison | Garrison Relay disabled 17594 | -7/Garrison | Triggered checkpoint 17605 | -7/Garrison | Found embedded Infiltrators 17615 | -7/Garrison | Garrison Relay disabled 17670 | -7/Garrison | Discovered new exit (range 13) 17691 | -7/Garrison | Phase Generator disabled 17736 | -7/Garrison | Triggered checkpoint 17778 | -7/Garrison | Triggered checkpoint 17834 | -7/Garrison | Rescued a captive Derelict 17845 | -7/Garrison | Discovered new exit (range 11) 17850 | -7/Garrison | Triggered checkpoint 17920 | -7/Garrison | Triggered checkpoint 17921 | -7/Garrison | Garrison Relay disabled 18013 | -7/Garrison | Garrison Relay disabled 18022 | -7/Garrison | Triggered checkpoint 18081 | -7/Garrison | Discovered new exit (range 14) 18121 | -7/Garrison | Entered Factory 18121 | -7/Factory | Accompanied by 6 allies 18134 | -7/Factory | Discovered exit to Storage (range 8) 18245 | -7/Factory | Discovered new exit (range 17) 18700 | -7/Factory | Reached level 19 18761 | -7/Factory | Discovered new exit (range 13) 18781 | -7/Factory | Garrison activated, responded to threat 18789 | -7/Factory | Discovered exit to Lower Caves (range 16) 19007 | -7/Factory | Discovered exit to Lower Caves (range 9) 19062 | -7/Factory | Discovered new exit (range 17) 19279 | -7/Factory | Identified exit to Garrison 19327 | -7/Factory | Lost 3 allies 19359 | -7/Factory | Cargo convoy interrupted 19370 | -7/Factory | Core integrity fell below 50% 19453 | -7/Factory | Destroyed 7 combat bots 19472 | -7/Factory | Found Mni. Smartbomb Launcher 19541 | -7/Factory | Fabricated System Restoration Module? 19763 | -7/Factory | Build established: Scavenger-Scout 19891 | -7/Factory | Entered Garrison 20036 | -7/Garrison | Triggered checkpoint 20062 | -7/Garrison | Discovered new exit (range 36) 20062 | -7/Garrison | Discovered new exit (range 73) 20062 | -7/Garrison | Discovered new exit (range 53) 20075 | -7/Garrison | Garrison Relay disabled 20148 | -7/Garrison | Triggered checkpoint 20180 | -7/Garrison | Destroyed 9 combat bots 20212 | -7/Garrison | Triggered checkpoint 20226 | -7/Garrison | Garrison Relay disabled 20248 | -7/Garrison | Expanded RIF knowledge: Zone Cloak 20337 | -7/Garrison | Garrison Relay disabled 20432 | -7/Garrison | Triggered checkpoint 20484 | -7/Garrison | Spotted B-75 Beast 20493 | -7/Garrison | Spotted B-75 Beast 20523 | -7/Garrison | Destroyed B-75 Beast 20554 | -7/Garrison | Destroyed B-75 Beast 20614 | -7/Garrison | Triggered checkpoint 20751 | -7/Garrison | Garrison Relay disabled 20865 | -7/Garrison | Identified exit to Factory 20870 | -7/Garrison | Triggered checkpoint 20893 | -7/Garrison | Entered Factory 20893 | -6/Factory | Accompanied by 1 ally 21256 | -6/Factory | Spotted B-75 Beast 21291 | -6/Factory | Reached level 20 21300 | -6/Factory | Core integrity fell below 50% 21311 | -6/Factory | Destroyed B-75 Beast 21400 | -6/Factory | Discovered new exit (range 15) 21432 | -6/Factory | Identified exit to Lower Caves 21546 | -6/Factory | Upgraded with Utility slot (x1) 21617 | -6/Factory | Cargo convoy interrupted 21681 | -6/Factory | Found Prototype Launcher 21681 | -6/Factory | Identified Com. Tesla Bomb Launcher 22764 | -6/Factory | Entered Lower Caves 22966 | -6/Lower Caves | Identified exit to Lower Caves 23114 | -6/Lower Caves | Attracted the attention of an 0b10 outpost 23516 | -6/Lower Caves | Found Imp. Powered Armor 23556 | -6/Lower Caves | Build established: Scavenger-Gunner 23860 | -6/Lower Caves | Encountered a Warlord checkpoint 23941 | -6/Lower Caves | Entered another Lower Caves area 23941 | -6/Lower Caves | Accompanied by 2 allies 23942 | -6/Lower Caves | Encountered a Warlord checkpoint 23943 | -6/Lower Caves | Reached level 21 23952 | -6/Lower Caves | Identified exit to Factory 23977 | -6/Lower Caves | Attracted the attention of an 0b10 outpost 24099 | -6/Lower Caves | Attracted the attention of an 0b10 checkpoint 24370 | -6/Lower Caves | Attacked by a delusional Derelict stockpiling Unaware 24870 | -6/Lower Caves | Discovered new exit (range 16) 24894 | -6/Lower Caves | Identified exit to Zion 25381 | -6/Lower Caves | Entered Zion 25381 | -6/Zion | Accompanied by 6 allies 25408 | -6/Zion | Found Prototype Device 25408 | -6/Zion | Identified Phasing AFG 25488 | -6/Zion | Discovered new exit (range 15) 25506 | -6/Zion | Identified exit to Proximity Caves 25624 | -6/Zion | RIF detected upon attempting to enter Zion 25624 | -6/Zion | Attacked by Zionites 25624 | -6/Zion | Spotted VE-QBO(B) 25624 | -6/Zion | Spotted UQ-OTS(B) 25640 | -6/Zion | Allies destroyed UQ-OTS(B) 25643 | -6/Zion | Allies destroyed VE-QBO(B) 25788 | -6/Zion | Lost 5 allies 25836 | -6/Zion | Found Prototype Launcher 25836 | -6/Zion | Identified Rocket Array 25943 | -6/Zion | Learned location of Extension (-4) 26081 | -6/Zion | Found Prototype Processor 26081 | -6/Zion | Identified Exp. Melee Analysis Suite 26085 | -6/Zion | Found Prototype Processor 26085 | -6/Zion | Identified Spectral Analyzer 26088 | -6/Zion | Found Prototype Processor 26088 | -6/Zion | Identified Exp. Signal Interpreter 26096 | -6/Zion | Found Prototype Processor 26096 | -6/Zion | Identified Exp. Armor Integrity Analyzer 26101 | -6/Zion | Found Exp. Core Analyzer 26186 | -6/Zion | Discovered new exit (range 20) 26277 | -6/Zion | Saw the warning signs outside the Deep Caves entrance 26279 | -6/Zion | Identified exit to Deep Caves 26280 | -6/Zion | Entered Deep Caves 26377 | -6/Deep Caves | Build established: Hacker-Gunner 26535 | -6/Deep Caves | Attacked by Z-Imprinter 26576 | -6/Deep Caves | Destroyed Z-Imprinter 26603 | -6/Deep Caves | Upgraded with Propulsion slot (x1) 26721 | -6/Deep Caves | Found Prototype Protection 26721 | -6/Deep Caves | Identified Zio. Heavy Carapace 26778 | -6/Deep Caves | Found Zio. Heavy Carapace 26887 | -6/Deep Caves | Build established: Scavenger-Scout 26985 | -6/Deep Caves | Discovered new exit (range 15) 27169 | -6/Deep Caves | Exposed GOLEM chamber 27170 | -6/Deep Caves | Triggered Deep Caves wall 27285 | -6/Deep Caves | Spotted AG-21164 27417 | -6/Deep Caves | Z-Facility disabled 27438 | -6/Deep Caves | Destroyed 9 combat bots 27465 | -6/Deep Caves | Build established: Scavenger-Gunner 27488 | -6/Deep Caves | Spotted AS-29816 27508 | -6/Deep Caves | Destroyed AS-29816 27654 | -6/Deep Caves | Spotted AS-62790 27660 | -6/Deep Caves | Destroyed AS-62790 27766 | -6/Deep Caves | Spotted AG-19262 27791 | -6/Deep Caves | Destroyed AG-19262 27819 | -6/Deep Caves | Destroyed AG-21164 27954 | -6/Deep Caves | Found GOLEM Unit 28373 | -6/Deep Caves | Identified exit to Proximity Caves 28374 | -6/Deep Caves | Entered Proximity Caves 28403 | -5/Proximity Caves | Reached level 22 28538 | -5/Proximity Caves | Build established: Scavenger-Scout 28623 | -5/Proximity Caves | Learned location of 1 exit from Factory 28669 | -5/Proximity Caves | Received a Behemoth hack from an annoying Tinkerer 28677 | -5/Proximity Caves | Attracted the attention of an 0b10 outpost 28710 | -5/Proximity Caves | Destroyed 10 combat bots 28817 | -5/Proximity Caves | Spotted B-75 Beast 28817 | -5/Proximity Caves | Befriended a Behemoth using the annoying Tinkerer's hack 28881 | -5/Proximity Caves | Learned Factory stockpile data 29063 | -5/Proximity Caves | Discovered exit to Factory (range 17) 29287 | -5/Proximity Caves | Entered Factory 29287 | -5/Factory | Accompanied by 3 allies 29288 | -5/Factory | Identified exit to Factory 29596 | -5/Factory | Reached level 23 29745 | -5/Factory | Discovered new exit (range 13) 29758 | -5/Factory | Identified exit to Upper Caves 29766 | -5/Factory | Build established: Hacker-Scout 30206 | -5/Factory | Discovered exit to Factory (range 8) 30331 | -5/Factory | Discovered exit to Upper Caves (range 16) 30469 | -5/Factory | Identified exit to Garrison 31987 | -5/Factory | First assault squad dispatched 32134 | -5/Factory | Reached level 24 32178 | -5/Factory | Destroyed 12 combat bots 32319 | -5/Factory | Cargo convoy interrupted 32350 | -5/Factory | Found Prototype Device 32350 | -5/Factory | Identified Exp. Transmission Jammer 32380 | -5/Factory | Found Prototype Launcher 32380 | -5/Factory | Identified Enh. Gamma Bomb Array 32435 | -5/Factory | Entered Garrison 32507 | -5/Garrison | Core integrity fell below 50% 32539 | -5/Garrison | Spotted B-75 Beast 32550 | -5/Garrison | Triggered checkpoint 32568 | -5/Garrison | Destroyed B-75 Beast 32589 | -5/Garrison | Destroyed 12 combat bots 32646 | -5/Garrison | Discovered new exit (range 12) 32648 | -5/Garrison | Triggered checkpoint 32690 | -5/Garrison | Garrison Relay disabled 32712 | -5/Garrison | Identified exit to Factory 32770 | -5/Garrison | Triggered checkpoint 32854 | -5/Garrison | Triggered checkpoint 32854 | -5/Garrison | Garrison Relay disabled 32867 | -5/Garrison | Discovered exit to Factory (range 9) 32885 | -5/Garrison | Triggered checkpoint 32890 | -5/Garrison | Triggered checkpoint 32927 | -5/Garrison | Destroyed 9 combat bots 32936 | -5/Garrison | Garrison Relay disabled 32942 | -5/Garrison | Discovered exit to Factory (range 12) 32946 | -5/Garrison | Garrison Relay disabled 32962 | -5/Garrison | Spotted B-75 Beast 32989 | -5/Garrison | Expanded RIF knowledge: Robot Detection 32994 | -5/Garrison | Triggered checkpoint 33000 | -5/Garrison | Garrison Relay disabled 33052 | -5/Garrison | Entered Factory 33242 | -5/Factory | Identified exit to DSF 33252 | -5/Factory | Entered DSF 34536 | -5/DSF | Additional patrols routed to DSF 34606 | -5/DSF | Discovered exit to Factory (range 15) 34629 | -5/DSF | Reached level 25 34637 | -5/DSF | Entered Factory 34638 | -4/Factory | Identified exit to Extension 34788 | -4/Factory | Identified exit to Garrison 34788 | -4/Factory | Entered Garrison 34830 | -4/Garrison | Expanded RIF knowledge: Coupler Efficiency 34833 | -4/Garrison | Spotted B-86 Titan 34840 | -4/Garrison | Triggered checkpoint 34842 | -4/Garrison | Core integrity fell below 50% 34861 | -4/Garrison | Upgraded with Utility slot (x1) 34871 | -4/Garrison | Core integrity fell below 20% 34875 | -4/Garrison | Triggered checkpoint 34876 | -4/Garrison | Triggered checkpoint 34877 | -4/Garrison | Destroyed by B-86 Titan with Railgun Last Messages --------------- 34869_ Penetrated by Slug. 34870_ Slug penetrates Wall. 34873_ Acquired Cld. Phase Cannon. 34873_ Slug penetrates Wall. 34874_ Critical hit (Meltdown: +380). 34874_ Knocked back. 34874_ RIF reveals location of phase wall. 34875_ Penetrated by Slug. 34875_ Slug penetrates Reinforced Barrier. 34875_ Beams of light sweep through the air. An alarm sounds. 34876_ Wall collapses. 34876_ A-27 Freighter distress signal jammed. 34876_ Beams of light sweep through the air. An alarm sounds. 34876_ S-27 Virus destroyed. 34876_ Penetrated by Slug. 34876_ Slug penetrates Wall. 34876_ Slug penetrates Reinforced Barrier. 34876_ Slug penetrates Wall. 34877_ H-77 Assassin destroyed. 34877_ Knocked back. Map ----- +----------------------------------------------------+ | ?????????????????????????????????????????????????? | | ?????????????????????????????????????????????????? | | ?????????????????????????????????????????????????? | | ?????????????????????????????????????????????????? | | ?????????????????????????????????????????????????? | | ?????????????????????????????????????????????????? | | ?????????????????????????????????????????????????? | | ?????????????????????????????????????????????????? | | ?????????????????????????????????????????????????? | | ?????????????????????????????????????????????????? | | ?????????????????????????????????????????????????? | | ?????????????????????????????????????????????????? | | ????????????????????????? ??#####?? ???????????? | | ????????????????????????? ## #? #??????????? | | ??????????????????????###++ #[ ## #??????????? | | ?????????????????????? =%= #??????????? | | ??????????????????????? ! +??????????? | | ??????????????????????? A +??????????? | | ???????????????????????# #??????????? | | ?????????????????????### ^ # #??????????? | | ?????????????????????#s %= "??????????? | | ?????????????????????#s h BB "??????????? | | ?????????????????????#s % BB "??????????? | | ?????????????????????#s = "??????????? | | ???????????????????????# ; ##????##????????? | | ?????????????????????### @ ;; # = # #?????? | | ?????????????????????# ; %= [ ????? | | ?????????????????????# ; = % * ????? | | ?????????????????????# ; [%* #????? | | ????????????????????# # %## =*%# %* # # #??????? | | ????????????????????## # %#?[%s%#?[ #?????????? | | ????????????????????? ?# #?#####???# #?????????? | | ????????????????????# ?# #???????????#?????????? | | ????????????????????#??# #?????????????????????? | | ???????????????????????# #?????????????????????? | | ???????????????????????# #?????????????????????? | | ?####################### #?????????????????????? | | #?????????????????????? | | #?????????????????????? | | ??# #?????????????????????? | | ??# #########++######## ##?????????????????????? | | ??????????????# #?????## ##?????????????????????? | | ??????????????# #?????# #?????????????????????? | | ??????????????# #?????#" "#?????????????????????? | | ??? ????????# #?????#" "#?????????????????????? | | ??# ????????# #?????#" "#?????????????????????? | | ??# #???????# #?????#"""#?????????????????????? | | ??# #???????# #?????#####?????????????????????? | | ??# #???????# #???????????????????????????????? | | ??# #???????#!=##???###????????????????????????? | +----------------------------------------------------+ Best States ------------- Heat Dissipation 57 Energy Generation 39 Energy Capacity 1350 Matter Stores 379 Matter Capacity 700 Sight Range 17 Robot Scan Range 20 Terrain Scan Range 20 Terrain Scan Density 210 Jamming Range 22 Additional Mass Support 16 Armor Coverage 1600 Resistance: EM 15 Weapon Shielding 66 Weapon Cycling 20 Evasion (%) 73 Targeting Accuracy 12 Core Analysis 12 Armor Integrity Analysis 50 Recoil Reduction 3 Salvage Targeting 1 Offensive Hacking 29 Defensive Hacking 10 Relay Coupler Types 1 Relay Coupler Value 84 Authchip Count 1 Trap Extractor Capacity 6 Item Schematics ----------------- Plasma Cutter | -9/Materials | Hacked Trap Extractor | -9/Materials | Hacked Hpw. Tractor Beam | -9/Materials | Scanalyzed Imp. Datajack | -9/Materials | Scanalyzed Autogun | -8/Mines | Hacked Cmb. Antigrav System | -8/Materials | Scanalyzed Exp. Heat Sink | -8/Materials | Scanalyzed Lgt. Neutrino Core | -8/Materials | Scanalyzed Transmission Jammer | -8/Materials | Scanalyzed Gravity Neutralizer | -8/Materials | Scanalyzed Adv. Shield Generator | -8/Materials | Scanalyzed Imp. Signal Interpreter | -8/Materials | Hacked Adv. Hacking Suite | -7/Factory | Scanalyzed System Restoration Module | -7/Factory | Scanalyzed Imp. Trap Extractor | -7/Factory | Scanalyzed Imp. Medium Armor Plating | -7/Factory | Scanalyzed Imp. Plasma Cutter | -7/Factory | Scanalyzed Adv. Terrain Scanner | -7/Factory | Hacked Adv. Gravity Neutralizer | -6/Factory | Scanalyzed Mni. Smartbomb Launcher | -6/Factory | Scanalyzed Adv. Thermal Shield | -5/Factory | Hacked Particle Reactor | -5/Factory | Hacked Adv. Force Field | -5/Factory | Hacked Energy Mantle | -4/Factory | Scanalyzed Imp. Powered Armor | -4/Factory | Scanalyzed Imp. Remote Datajack | -4/Factory | Scanalyzed Robot Schematics ------------------ Y-54 Guardian | -7/Garrison | Hacked Fabricated ------------ Cmb. Antigrav System | x2 | -7/Factory System Restoration Module | x2 | -7/Factory Alien Tech Used ----------------- None Achievements -------------- None Challenges ------------ None RPGLIKE | -11 -10 -10 -9 -9 -9 -8 -8 -8 -8 -8 -7 -7 -7 -7 -7 -7 -6 -6 -6 -6 -6 -5 -5 -5 -5 -5 -4 -4 --------- Run | Yrd Mat Min Mat Min Exi Min Mat Gar Mat Gar Fac Was Fac Gar Fac Gar Fac Low Low Zio Dee Pro Fac Gar Fac DSF Fac Gar Levels Raised 24 | . 2 . 4 1 . 2 3 1 1 . 1 . 2 . 1 . 1 . 1 . . 1 2 . . 1 . . XP Earned 40268 | 3000 3300 875 6136 1222 243 3095 4474 990 843 475 1892 67 2156 874 823 425 1323 688 430 90 329 1373 2511 1007 63 325 524 715 XP Spent 38970 | 2950 1900 . 6450 2000 160 2600 4710 1500 160 . 2600 . 2900 . . . 3200 275 . . 1340 . 2100 . . . . 4125 Upgrades 64 | 11 2 . 6 1 4 10 8 3 2 . 1 . 1 . . . 1 1 . . 3 . 4 . . . . 6 Power Slot 1 | . . . . . . . 1 . . . . . . . . . . . . . . . . . . . . . Propulsion Slot 3 | 1 . . 1 . . . . . . . . . . . . . . . . . 1 . . . . . . . Utility Slot 11 | 1 2 . 2 1 . . 1 . . . 1 . 1 . . . 1 . . . . . . . . . . 1 Weapon Slot 2 | 1 . . 1 . . . . . . . . . . . . . . . . . . . . . . . . . Core Integrity 13 | . . . . . 4 . 4 . . . . . . . . . . . . . . . . . . . . 5 Heat Dissipation 5 | 1 . . . . . . . . 2 . . . . . . . . . . . 2 . . . . . . . Mass Support 2 | 1 . . . . . . . . . . . . . . . . . . . . . . 1 . . . . . Inventory Capacity 6 | 2 . . 2 . . 1 1 . . . . . . . . . . . . . . . . . . . . . Sight Range 1 | 1 . . . . . . . . . . . . . . . . . . . . . . . . . . . . Sensor Range 10 | . . . . . . 9 . . . . . . . . . . . 1 . . . . . . . . . . Terrain Scan Density 2 | 1 . . . . . . 1 . . . . . . . . . . . . . . . . . . . . . Ranged Accuracy 3 | . . . . . . . . 3 . . . . . . . . . . . . . . . . . . . . Hack Attack % 3 | 1 . . . . . . . . . . . . . . . . . . . . . . 2 . . . . . Hack Defense % 2 | 1 . . . . . . . . . . . . . . . . . . . . . . 1 . . . . . Protomatter Created 7582 | . 153 . 132 52 52 264 587 65 209 236 275 89 488 425 348 275 322 383 156 56 826 223 1127 700 . 91 . 48 Integrity Restored 16885 | . 374 . 501 145 123 576 1615 693 201 444 513 101 747 833 918 852 939 876 297 824 1746 403 1455 1436 . 273 . . Core 13026 | . 290 . 327 81 123 576 1448 257 132 345 356 28 526 660 843 852 939 564 112 488 1161 336 1321 988 . 273 . . Parts 3859 | . 84 . 174 64 . . 167 436 69 99 157 73 221 173 75 . . 312 185 336 585 67 134 448 . . . . Protomatter Decayed 3619 | . 24 63 136 . 9 46 . 127 291 129 245 54 345 242 543 . 36 . 55 40 109 53 814 258 . . . . Game ------ Seed ActuatorSmartbombBoomstick Manual? 0 Play Time 07:28:40 Cumulative 615.5 hours Start 2024.03.14 @ 21:38:26 End 2024.03.16 @ 07:35:57 Sessions 7 Manual Loads 0 Difficulty Rogue Special Mode Winter2019/RPGLIKE Game No. 233 Rogue 211 Adventurer 3 Explorer 19 Win Type - Total 13 Types 8/2/1/1/0/1/0/0/0 Lore% 88 Gallery% 95 Achievement% 82 Wizard Run 0 Options --------- Layout 0 ASCII 0 Keyboard 0 Movement Numpad Keybinds 0 Fullscreen 2 Font 18/SmallcapsGlow Map View 76x50 Zoom Use 0% Tactical HUD 1 Map Filters NONE Filters NONE Steam 1 RUN: e2929f0a-1dd2-43d8-88b9-0fb17db2d5a0